 Dungeon Crawl Stone Soup version 0.25-a0-366-g516bc45ae0 (webtiles) character file.

Game seed: 2766133360391058251, levelgen mode: deterministic

81646 Caramio the Severer (level 15, -8/147 HPs)
             Began as a Gargoyle Berserker on Jan 6, 2020.
             Was an Elder of Trog.
             Killed from afar by Sonja (24 damage)
             ... with a bolt of acid
             ... on level 13 of the Dungeon.
             The game lasted 00:27:47 (23716 turns).

Caramio the Severer (Gargoyle Berserker)           Turns: 23716, Time: 00:27:48

Health: -8/147     AC: 33    Str: 36    XL:     15   Next: 71%
Magic:  0/5        EV:  3    Int:  8    God:    Trog [****..]
Gold:   727        SH: 19    Dex:  9    Spells: 14/14 levels left

rFire    + + +     SeeInvis +   s - +4 broad axe (antimagic)
rCold    + + .     Gourm    .   D - +0 large shield
rNeg     + . .     Faith    .   n - +0 gold dragon scales
rPois    ∞         Spirit   +   t - +0 helmet
rElec    +         Reflect  .   l - scarf {rC+ rF+}
rCorr    .         Harm     .   m - +1 pair of gloves of Begemyac {rF+ Stlth+}
MR       +....                  c - +0 pair of boots
Stlth    ..........             u - amulet of guardian spirit
HPRegen  0.34/turn              a - +4 ring of strength
MPRegen  0.09/turn              v - ring of see invisible

@: berserking, flying, very heavily drained, very quick
A: big wings, negative energy resistance 1, electricity resistance, unbreathing,
petrification resistance, rot immunity, AC +11
a: Stop Flying, Berserk, Trog's Hand, Brothers in Arms, Renounce Religion


You were on level 13 of the Dungeon.
You worshipped Trog.
Trog was greatly pleased with you.
You were hungry.

You visited 3 branches of the dungeon, and saw 21 of its levels.
You also visited: Ossuary.

You collected 2064 gold pieces.
You spent 1337 gold pieces at shops.


Innate Abilities, Weirdness & Mutations

You are resistant to torment.
Your stone body is resilient. (AC +11)
You are immune to poison.
Your large and strong wings let you fly indefinitely.
You resist negative energy. (rN+)
You are resistant to electric shocks. (rElec)
You can survive without breathing.
You are immune to petrification.
You are immune to rotting.


   Skills:
 - Level 13.0(8.7) Fighting
 + Level 16.0(11.4) Axes
 - Level 13.0(8.8) Armour
 - Level 4.1(0.7) Dodging
 - Level 13.0(8.7) Shields


You had 14 spell levels left.
You didn't know any spells.
Your spell library was empty.

Inventory:

Hand Weapons
 s - a +4 antimagic broad axe (weapon)
 w - the +11 morningstar "Xod Ilase" {flame, *Drain rN+ Dex+6}
   (You found it on level 10 of the Dungeon)

   It has been specially enchanted to burn those struck by it, causing extra
   injury to most foes and up to half again as much damage against particularly
   susceptible opponents.
   It affects your dexterity (+6).
   It protects you from negative energy.
   It causes draining when unequipped.
Armour
 c - a +0 pair of boots (worn)
 d - a +2 pair of gloves
 h - a +0 cloak
 l - a scarf of resistance (worn)
 m - the +1 pair of gloves of Begemyac (worn) {rF+ Stlth+}
   (You found it on level 6 of the Lair of Beasts)

   It protects you from fire.
   It makes you more stealthy.
 n - +0 gold dragon scales (worn)
 t - a +0 helmet (worn)
 D - a +0 large shield (worn)
Jewellery
 a - a +4 ring of strength (left hand)
 q - the ring of the Fiend {+Fly rPois Int-2 Slay+2}
   (You bought it in a shop on level 2 of the Orcish Mines)

   [ring of flight]

   It affects your intelligence (-2).
   It affects your accuracy and damage with ranged weapons and melee attacks
   (+2).
   It protects you from poison.
   It lets you fly.
 u - an amulet of guardian spirit (around neck)
 v - a ring of see invisible (right hand)
 x - an uncursed ring of protection from cold
 Y - an uncursed ring of protection from cold
Wands
 r - a wand of polymorph (7)
Scrolls
 g - a scroll of magic mapping
 i - 12 scrolls of remove curse
 o - 5 scrolls of teleportation
 p - 8 scrolls of identify
Potions
 b - 2 potions of mutation
 f - 10 potions of curing
 k - 5 potions of agility
 A - 2 potions of haste
 B - a potion of resistance
Comestibles
 e - 35 rations

Dungeon Overview and Level Annotations

Branches:
Dungeon (13/15)            Temple (0/1) D:4            Lair (6/6) D:9
  Swamp (0/4) Lair:3       Spider (0/4) Lair:4        Slime (0/5) Lair:6
    Orc (2/2) D:11            Elf (0/3) Orc:2        Vaults (0/5) D:13
Ossuary (visited)

Altars:
Fedhas
Okawaru
Beogh

Shops:
D:5 (   D:10 ?   Orc:2 *:(*[

Portals:
Trove: D:13 (show slimy rune of Zot)

Annotations:
D:13 8 runed translucent doors, Sonja


Message History

You kill the lindwurm!
Trog accepts your kill.
Your base Shields skill increases to level 13!
You recover from your berserk rage.
Sonja zaps a wand.
The bolt of acid hits you!!
You are splashed with acid!
Sonja zaps a wand.
The bolt of acid hits you!
You are splashed with acid!
All of the chunks of flesh in your inventory have rotted away.
23714 ||| INVOKING Berserk.
A red film seems to cover your vision as you go berserk!
You feel yourself moving faster!
You feel mighty!
You are feeling hungry.
Sonja hits you but does no damage. Space bends around you.
Sonja hits you with a +2 short sword of distortion.
Space bends around you. You block Sonja's attack.
You completely miss Sonja.
You block Sonja's attack. x2; Sonja hits you but does no damage.
Space warps horribly around you!!
You closely miss Sonja.
Sonja zaps a wand.
The bolt of acid hits you!!
You die...

#..###..
##..... ..##
#.... ###. .#
##....##.
.##........
#..........
###..........
#............
#...........
##...@K......
#..%.........
#............
#............
#............
#............
##...........
#...........
##........


You could see Sonja.

Vanquished Creatures
  Rupert (Lair:3)
  An orc warlord (Orc:2)
  Snorg (Lair:3)
  3 hydras
  2 centaur warriors (D:13)
  2 two-headed ogres
  An orc high priest (Orc:2)
  Nergalle (D:11)
  A fire crab (Lair:4)
  An unseen horror (D:12)
  A lindwurm (shapeshifter) (D:13)
  5 orc knights
  A cyclops (D:12)
  7 orc sorcerers
  2 manticores
  An ugly thing (D:11)
  A deep elf mage (D:12)
  6 elephants
  4 centaur zombies
  5 black mambas
  33 spiny frogs
  A torpor snail (Lair:6)
  2 gargoyles
  3 rime drakes
  A kobold demonologist (D:11)
  9 komodo dragons
  3 trolls
  3 meliai (Lair:4)
  A queen bee (Lair:4)
  A hornet (D:13)
  3 tyrant leeches (Lair:6)
  33 blink frogs
  A slime creature (D:10)
  4 dream sheep (Lair:6)
  9 hippogriffs
  4 hogs (D:7)
  4 wyverns
  5 humans
  71 yaks
  5 basilisks
  8 vampire mosquitoes
  Edmund (D:4)
  3 hungry ghosts
  Menkaure (D:7)
  2 wargs (Orc:2)
  A soldier ant (D:10)
  15 water moccasins
  6 porcupines
  3 sky beasts
  3 phantoms
  A black bear (shapeshifter) (D:13)
  9 ogres
  2 black bears
  34 orc warriors
  5 ice beasts
  9 wolves
  2 eyes of draining
  17 centaurs
  12 crocodiles
  3 big kobolds
  25 bullfrogs
  2 gnoll sergeants
  4 water moccasin zombies (Ossuary)
  3 wyvern skeletons
  3 scorpions
  29 killer bees
  2 electric eels (Lair:6)
  12 wights
  5 howler monkeys
  2 bullfrog zombies
  8 crimson imps
  5 jellies
  2 gnoll shamans
  27 orc priests
  8 hounds
  6 centaur skeletons
  Terence (D:2)
  14 worker ants
  4 iguanas
  30 orc wizards
  3 big kobold zombies (Ossuary)
  A hound skeleton (D:7)
  2 mummies (Ossuary)
  13 gnolls
  14 adders
  3 shadow imps
  3 oozes
  8 adder zombies
  An adder skeleton (D:5)
  4 worms
  5 dart slugs
  7 leopard geckos
  80 orcs
  2 ball pythons
  5 giant cockroaches
  10 goblins
  6 hobgoblins
  4 jackals (D:8)
  26 kobolds
  6 quokkas
  8 bats
  5 frilled lizards
  4 gnoll zombies (Ossuary)
  2 hobgoblin zombies (Ossuary)
  A jackal zombie (D:5)
  2 kobold zombies (Ossuary)
  3 orc zombies (Ossuary)
  6 rats
  8 bushes (Lair:6)
  3 fungi
  2 plants
819 creatures vanquished.

Vanquished Creatures (collateral kills)
  2 hydras
  A two-headed ogre (D:13)
  An orc warrior (Orc:1)
  An orc wizard (Orc:1)
  An orc (Orc:1)
  A plant (Lair:6)
7 creatures vanquished.

Vanquished Creatures (others)
  A wight (D:13)
  8 bushes (Lair:6)
  18 fungi
  66 plants
93 creatures vanquished.

Grand Total: 919 creatures vanquished

Notes
Turn   | Place    | Note
-------+----------+-------------------------------------------
     0 | D:1      | Caramio the Gargoyle Berserker began the quest for the Orb.
     0 | D:1      | Reached XP level 1. HP: 14/14 MP: 1/1
     0 | D:1      | 0 ||| counter = 18
    43 | D:1      | 43 ||| UPGRADING to chain mail.
    53 | D:1      | 53 ||| DROPPING +0 animal skin.
   152 | D:1      | Reached skill level 3 in Axes
   152 | D:1      | Reached XP level 2. HP: 15/19 MP: 2/2
   244 | D:1      | 244 ||| Stepping ~*~*~tactically~*~*~ (stealth).
   246 | D:1      | 246 ||| Stepping ~*~*~tactically~*~*~ (hiding).
   247 | D:1      | 247 ||| Waiting for ranged monster.
   253 | D:1      | 253 ||| Waiting for ranged monster.
   254 | D:1      | 254 ||| Waiting for ranged monster.
   255 | D:1      | 255 ||| Waiting for ranged monster.
   262 | D:1      | 262 ||| Stepping ~*~*~tactically~*~*~ (stealth).
   448 | D:1      | 448 ||| DROPPING +0 club.
   455 | D:1      | 455 ||| UPGRADING to cloak.
   476 | D:1      | Reached XP level 3. HP: 23/23 MP: 3/3
   497 | D:1      | 497 ||| Stepping ~*~*~tactically~*~*~ (hiding).
   498 | D:1      | 498 ||| Stepping ~*~*~tactically~*~*~ (hiding).
   499 | D:1      | 499 ||| Waiting for ranged monster.
   535 | D:1      | Reached ** piety under Trog
   545 | D:1      | 545 ||| Stepping ~*~*~tactically~*~*~ (stealth).
   568 | D:1      | 568 ||| Stepping ~*~*~tactically~*~*~ (stealth).
   569 | D:1      | 569 ||| Stepping ~*~*~tactically~*~*~ (stealth).
   669 | D:1      | 669 ||| READING 2 scrolls labeled CUIMME SYMAAKO.
   670 | D:1      | 670 ||| READING 2 scrolls labeled SUCWAC CORGHUC.
   671 | D:1      | 671 ||| READING scroll labeled CIJAEZ TIGASH.
   672 | D:1      | 672 ||| DRINKING 3 fizzy yellow potions.
   673 | D:1      | 673 ||| READING scroll of identify.
   673 | D:1      | 673 ||| IDENTIFYING blackened granite ring
   674 | D:1      | 674 ||| UPGRADING to ring of see invisible.
   675 | D:1      | 675 ||| DROPPING scroll of fog.
   702 | D:2      | 702 ||| INVOKING Berserk.
   704 | D:2      | Reached skill level 4 in Axes
   886 | D:2      | 886 ||| INVOKING Berserk.
   950 | D:2      | 950 ||| Stepping ~*~*~tactically~*~*~ (stealth).
   951 | D:2      | 951 ||| Stepping ~*~*~tactically~*~*~ (hiding).
   952 | D:2      | 952 ||| Stepping ~*~*~tactically~*~*~ (stealth).
   957 | D:2      | Reached XP level 4. HP: 28/28 MP: 4/4
   964 | D:2      | Noticed Terence
   975 | D:2      | 975 ||| INVOKING Berserk.
   978 | D:2      | Killed Terence
  1169 | D:2      | 1169 ||| DROPPING whip.
  1451 | D:2      | 1451 ||| Stepping ~*~*~tactically~*~*~ (hiding).
  1452 | D:2      | 1452 ||| Stepping ~*~*~tactically~*~*~ (hiding).
  1453 | D:2      | 1453 ||| Waiting for ranged monster.
  1454 | D:2      | 1454 ||| Waiting for ranged monster.
  1455 | D:2      | 1455 ||| Waiting for ranged monster.
  1456 | D:2      | 1456 ||| Waiting for ranged monster.
  1457 | D:2      | 1457 ||| Waiting for ranged monster.
  1552 | D:2      | Reached skill level 5 in Axes
  1690 | D:2      | 1690 ||| READING scroll labeled ZETHYS JUFED.
  1691 | D:2      | 1691 ||| READING scroll labeled IPLAUH GARPHURPH.
  1692 | D:2      | 1692 ||| READING scroll labeled XINIXO ESAIMAEN.
  1722 | D:3      | 1722 ||| UPGRADING to shield.
  1837 | D:3      | Reached XP level 5. HP: 32/32 MP: 5/5
  1881 | D:3      | You fall into a shaft and drop 3 floors!
  1881 | D:6      | Noticed a human
  1882 | D:6      | 1882 ||| Shafted from D:3 to D:6.
  1882 | D:6      | Noticed a human
  1884 | D:6      | Noticed a human
  1885 | D:6      | 1885 ||| Stepping ~*~*~tactically~*~*~ (hiding).
  1886 | D:6      | 1886 ||| Stepping ~*~*~tactically~*~*~ (hiding).
  1887 | D:6      | 1887 ||| Stepping ~*~*~tactically~*~*~ (hiding).
  1888 | D:6      | 1888 ||| Stepping ~*~*~tactically~*~*~ (hiding).
  1893 | D:6      | 1893 ||| Stepping ~*~*~tactically~*~*~ (hiding).
  1900 | D:6      | 1900 ||| INVOKING Berserk.
  1902 | D:6      | HP: 10/48 [human/+0 mace (3)]
  1906 | D:6      | Killed a human
  1906 | D:6      | Reached XP level 6. HP: 12/37 MP: 6/6
  1909 | D:6      | Killed a human
  1913 | D:6      | Killed a human
  1913 | D:6      | Reached XP level 7. HP: 15/44 MP: 7/7
  1917 | D:6      | HP: 9/44 [crimson imp (2)]
  2179 | D:6      | Noticed a human
  2196 | D:6      | 2196 ||| INVOKING Berserk.
  2202 | D:6      | Killed a human
  2374 | D:6      | 2374 ||| EATING 4 rations.
  2404 | D:6      | 2404 ||| UPGRADING to pair of embroidered gloves.
  2442 | D:6      | 2442 ||| INVOKING Berserk.
  2447 | D:6      | Reached skill level 6 in Axes
  2472 | D:6      | Reached skill level 3 in Armour
  2472 | D:6      | Reached XP level 8. HP: 36/48 MP: 8/8
  2486 | D:6      | 2486 ||| Stepping ~*~*~tactically~*~*~ (stealth).
  2487 | D:6      | 2487 ||| Stepping ~*~*~tactically~*~*~ (stealth).
  2544 | D:6      | 2544 ||| DROPPING +0 flail.
  2554 | D:6      | 2554 ||| UPGRADING to pair of boots.
  2564 | D:6      | 2564 ||| UPGRADING to helmet.
  2598 | D:6      | Reached *** piety under Trog
  2611 | D:6      | 2611 ||| INVOKING Berserk.
  2626 | D:6      | 2626 ||| Stepping ~*~*~tactically~*~*~ (stealth).
  2642 | D:6      | 2642 ||| Stepping ~*~*~tactically~*~*~ (stealth).
  2644 | D:6      | 2644 ||| Stepping ~*~*~tactically~*~*~ (stealth).
  2645 | D:6      | 2645 ||| Stepping ~*~*~tactically~*~*~ (stealth).
  2669 | D:6      | 2669 ||| Stepping ~*~*~tactically~*~*~ (stealth).
  2830 | D:6      | 2830 ||| EATING 3 rations.
  2845 | D:6      | 2845 ||| SWAPPING to +4 war axe of freezing.
  2846 | D:6      | 2846 ||| DROPPING +0 hand axe.
  2880 | D:5      | Entered Level 5 of the Dungeon
  2880 | D:5      | Found a blossoming altar of Fedhas.
  2891 | D:5      | 2891 ||| Stepping ~*~*~tactically~*~*~ (water).
  2900 | D:5      | 2900 ||| Stepping ~*~*~tactically~*~*~ (water).
  2902 | D:5      | Reached skill level 7 in Axes
  2982 | D:5      | 2982 ||| Stepping ~*~*~tactically~*~*~ (stealth).
  2983 | D:5      | 2983 ||| Stepping ~*~*~tactically~*~*~ (stealth).
  2985 | D:5      | 2985 ||| Stepping ~*~*~tactically~*~*~ (stealth).
  3023 | D:3      | 3023 ||| Successfully unshafted to D:3.
  3198 | D:3      | 3198 ||| Stepping ~*~*~tactically~*~*~ (hiding).
  3199 | D:3      | 3199 ||| Waiting for ranged monster.
  3204 | D:3      | 3204 ||| Waiting for ranged monster.
  3205 | D:3      | 3205 ||| Waiting for ranged monster.
  3206 | D:3      | 3206 ||| Waiting for ranged monster.
  3207 | D:3      | 3207 ||| Waiting for ranged monster.
  3511 | D:3      | 3511 ||| READING scroll labeled ZOGINT ZOUDGHOK.
  3512 | D:3      | 3512 ||| UPGRADING to +3 scale mail of fire resistance.
  3522 | D:3      | 3522 ||| READING scroll labeled NAOTOWOECA.
  3523 | D:3      | 3523 ||| DRINKING 2 viscous emerald potions.
  3524 | D:3      | 3524 ||| READING 2 scrolls of identify.
  3524 | D:3      | 3524 ||| IDENTIFYING emerald ring
  3525 | D:3      | 3525 ||| UPGRADING to ring of protection from cold.
  3526 | D:3      | 3526 ||| READING scroll of identify.
  3526 | D:3      | 3526 ||| IDENTIFYING thin amethyst amulet
  3527 | D:3      | 3527 ||| UPGRADING to amulet of guardian spirit.
  3528 | D:3      | 3528 ||| DROPPING potion of brilliance.
  3555 | D:4      | Found a staircase to the Ecumenical Temple.
  3621 | D:4      | Noticed Edmund
  3633 | D:4      | Killed Edmund
  3694 | D:4      | 3694 ||| Stepping ~*~*~tactically~*~*~ (stealth).
  3695 | D:4      | 3695 ||| Stepping ~*~*~tactically~*~*~ (stealth).
  3730 | D:4      | 3730 ||| Stepping ~*~*~tactically~*~*~ (hiding).
  3732 | D:4      | 3732 ||| Stepping ~*~*~tactically~*~*~ (hiding).
  3733 | D:4      | 3733 ||| Waiting for ranged monster.
  3734 | D:4      | 3734 ||| Waiting for ranged monster.
  3740 | D:4      | 3740 ||| Waiting for ranged monster.
  3741 | D:4      | 3741 ||| Waiting for ranged monster.
  3799 | D:4      | 3799 ||| INVOKING Berserk.
  3804 | D:4      | Reached skill level 8 in Axes
  3939 | D:4      | Found an iron altar of Okawaru.
  4007 | D:4      | 4007 ||| READING scroll labeled YTUOSUVAUC.
  4008 | D:4      | 4008 ||| READING scroll labeled JEOBAPH UFAIHI.
  4009 | D:4      | 4009 ||| READING scroll labeled WAECHI FOGEE.
  4010 | D:4      | 4010 ||| READING scroll of identify.
  4010 | D:4      | 4010 ||| IDENTIFYING ring of protection from cold
  4061 | D:5      | 4061 ||| Stepping ~*~*~tactically~*~*~ (stealth).
  4063 | D:5      | 4063 ||| Stepping ~*~*~tactically~*~*~ (hiding).
  4065 | D:5      | 4065 ||| Stepping ~*~*~tactically~*~*~ (hiding).
  4073 | D:5      | 4073 ||| INVOKING Berserk.
  4074 | D:5      | Reached XP level 9. HP: 54/54 MP: 9/9
  4113 | D:5      | 4113 ||| Stepping ~*~*~tactically~*~*~ (stealth).
  4126 | D:5      | 4126 ||| Stepping ~*~*~tactically~*~*~ (stealth).
  4143 | D:5      | Reached **** piety under Trog
  4213 | D:5      | Reached skill level 6 in Fighting
  4225 | D:5      | 4225 ||| READING scroll of enchant armour.
  4225 | D:5      | 4225 ||| ENCHANTING +1 pair of gloves.
  4235 | D:5      | 4235 ||| DRINKING 4 potions of curing.
  4235 | D:5      | 4235 ||| (to cure confusion)
  4250 | D:5      | 4250 ||| INVOKING Berserk.
  4468 | D:5      | 4468 ||| Stepping ~*~*~tactically~*~*~ (hiding).
  4469 | D:5      | 4469 ||| Waiting for ranged monster.
  4470 | D:5      | 4470 ||| Waiting for ranged monster.
  4475 | D:5      | 4475 ||| Stepping ~*~*~tactically~*~*~ (hiding).
  4483 | D:5      | Reached skill level 6 in Shields
  4504 | D:5      | Found Buple Laoxze's Antique Weapon Boutique.
  4520 | D:5      | Bought a morningstar for 124 gold pieces
  4520 | D:5      | 4520 ||| DROPPING +2 flail of protection.
  4718 | D:5      | 4718 ||| READING 2 scrolls labeled YQOGIF TOSHO.
  4719 | D:5      | 4719 ||| DROPPING scroll of fear.
  4919 | D:6      | 4919 ||| Stepping ~*~*~tactically~*~*~ (hiding).
  4934 | D:6      | 4934 ||| FLEEEEING.
  4935 | D:6      | 4935 ||| FLEEEEING.
  4936 | D:6      | 4936 ||| FLEEEEING.
  4937 | D:6      | 4937 ||| FLEEEEING.
  4938 | D:6      | 4938 ||| FLEEEEING.
  4939 | D:6      | 4939 ||| FLEEEEING.
  4940 | D:6      | 4940 ||| FLEEEEING.
  4941 | D:6      | 4941 ||| FLEEEEING.
  4942 | D:6      | 4942 ||| FLEEEEING.
  4943 | D:6      | 4943 ||| FLEEEEING.
  4944 | D:6      | 4944 ||| FLEEEEING.
  4945 | D:6      | 4945 ||| FLEEEEING.
  4946 | D:6      | 4946 ||| FLEEEEING.
  4947 | D:6      | 4947 ||| FLEEEEING.
  4948 | D:6      | 4948 ||| FLEEEEING.
  4949 | D:6      | 4949 ||| FLEEEEING.
  4950 | D:6      | 4950 ||| FLEEEEING.
  4951 | D:6      | 4951 ||| FLEEEEING.
  4952 | D:6      | 4952 ||| FLEEEEING.
  4953 | D:6      | 4953 ||| FLEEEEING.
  4954 | D:6      | 4954 ||| FLEEEEING.
  4955 | D:6      | 4955 ||| FLEEEEING.
  4956 | D:6      | 4956 ||| FLEEEEING.
  4957 | D:6      | 4957 ||| FLEEEEING.
  4958 | D:6      | 4958 ||| FLEEEEING.
  4959 | D:6      | 4959 ||| FLEEEEING.
  4960 | D:6      | 4960 ||| FLEEEEING.
  5049 | D:6      | 5049 ||| EATING 11 rations.
  5183 | D:6      | 5183 ||| INVOKING Berserk.
  5184 | D:6      | Reached skill level 9 in Axes
  5190 | D:6      | 5190 ||| Stepping ~*~*~tactically~*~*~ (stealth).
  5191 | D:6      | 5191 ||| Stepping ~*~*~tactically~*~*~ (stealth).
  5192 | D:6      | 5192 ||| Stepping ~*~*~tactically~*~*~ (stealth).
  5224 | D:6      | 5224 ||| Stepping ~*~*~tactically~*~*~ (stealth).
  5225 | D:6      | 5225 ||| Stepping ~*~*~tactically~*~*~ (stealth).
  5226 | D:6      | 5226 ||| Stepping ~*~*~tactically~*~*~ (stealth).
  5227 | D:6      | 5227 ||| Stepping ~*~*~tactically~*~*~ (stealth).
  5228 | D:6      | 5228 ||| Stepping ~*~*~tactically~*~*~ (stealth).
  5315 | D:7      | 5315 ||| Stepping ~*~*~tactically~*~*~ (hiding).
  5316 | D:7      | 5316 ||| Waiting for ranged monster.
  5318 | D:7      | 5318 ||| Waiting for ranged monster.
  5319 | D:7      | 5319 ||| Waiting for ranged monster.
  5320 | D:7      | 5320 ||| INVOKING Berserk.
  5636 | D:7      | 5636 ||| Stepping ~*~*~tactically~*~*~ (hiding).
  5637 | D:7      | 5637 ||| Waiting for ranged monster.
  5642 | D:7      | 5642 ||| Waiting for ranged monster.
  5643 | D:7      | 5643 ||| Waiting for ranged monster.
  5644 | D:7      | 5644 ||| Waiting for ranged monster.
  5645 | D:7      | 5645 ||| Waiting for ranged monster.
  5667 | D:7      | Found a sand-covered staircase.
  5668 | D:7      | 5668 ||| Found Ossuary.
  5672 | Ossuary  | Entered an ossuary
  5673 | Ossuary  | 5673 ||| Entered Ossuary.
  5841 | Ossuary  | 5841 ||| DRINKING 2 green potions.
  5842 | Ossuary  | 5842 ||| DRINKING 2 golden potions.
  5843 | Ossuary  | 5843 ||| READING 2 scrolls of identify.
  5843 | Ossuary  | 5843 ||| IDENTIFYING smoky cyan potion
  6068 | D:7      | Reached ***** piety under Trog
  6068 | D:7      | Received a gift from Trog
  6069 | D:7      | Reached XP level 10. HP: 60/63 MP: 10/10
  6098 | D:7      | Noticed Menkaure
  6100 | D:7      | Killed Menkaure
  6294 | D:7      | 6294 ||| Stepping ~*~*~tactically~*~*~ (stealth).
  6302 | D:7      | Reached skill level 10 in Axes
  6407 | D:8      | 6407 ||| INVOKING Berserk.
  6473 | D:8      | 6473 ||| Stepping ~*~*~tactically~*~*~ (stealth).
  6475 | D:8      | 6475 ||| Stepping ~*~*~tactically~*~*~ (stealth).
  6503 | D:8      | 6503 ||| Stepping ~*~*~tactically~*~*~ (stealth).
  6505 | D:8      | 6505 ||| Stepping ~*~*~tactically~*~*~ (stealth).
  6533 | D:8      | 6533 ||| Stepping ~*~*~tactically~*~*~ (stealth).
  6534 | D:8      | 6534 ||| Stepping ~*~*~tactically~*~*~ (stealth).
  6535 | D:8      | 6535 ||| Stepping ~*~*~tactically~*~*~ (stealth).
  6536 | D:8      | 6536 ||| Stepping ~*~*~tactically~*~*~ (stealth).
  6537 | D:8      | 6537 ||| Stepping ~*~*~tactically~*~*~ (stealth).
  6623 | D:8      | 6623 ||| Stepping ~*~*~tactically~*~*~ (stealth).
  6637 | D:8      | 6637 ||| Stepping ~*~*~tactically~*~*~ (stealth).
  6638 | D:8      | 6638 ||| Stepping ~*~*~tactically~*~*~ (stealth).
  6766 | D:8      | 6766 ||| Stepping ~*~*~tactically~*~*~ (stealth).
  6802 | D:8      | Noticed a two-headed ogre
  6807 | D:8      | 6807 ||| INVOKING Berserk.
  6811 | D:8      | Killed a two-headed ogre
  6811 | D:8      | Reached skill level 9 in Fighting
  6872 | D:8      | 6872 ||| Stepping ~*~*~tactically~*~*~ (hiding).
  6873 | D:8      | 6873 ||| Stepping ~*~*~tactically~*~*~ (hiding).
  6874 | D:8      | 6874 ||| Waiting for ranged monster.
  6875 | D:8      | 6875 ||| Waiting for ranged monster.
  6881 | D:8      | 6881 ||| INVOKING Berserk.
  6976 | D:8      | 6976 ||| INVOKING Berserk.
  6998 | D:8      | 6998 ||| Stepping ~*~*~tactically~*~*~ (stealth).
  7000 | D:8      | 7000 ||| Stepping ~*~*~tactically~*~*~ (stealth).
  7024 | D:8      | 7024 ||| Stepping ~*~*~tactically~*~*~ (stealth).
  7025 | D:8      | 7025 ||| DROPPING +0 chain mail.
  7026 | D:8      | 7026 ||| UPGRADING to +0 plate armour.
  7036 | D:8      | 7036 ||| READING scroll of enchant weapon.
  7036 | D:8      | 7036 ||| ENCHANTING +5 war axe of freezing.
  7040 | D:8      | 7040 ||| Stepping ~*~*~tactically~*~*~ (stealth).
  7113 | D:8      | 7113 ||| READING scroll labeled TATEGGO LOCOSM.
  7230 | D:9      | 7230 ||| Stepping ~*~*~tactically~*~*~ (hiding).
  7231 | D:9      | 7231 ||| Waiting for ranged monster.
  7233 | D:9      | 7233 ||| Stepping ~*~*~tactically~*~*~ (hiding).
  7235 | D:9      | 7235 ||| INVOKING Berserk.
  7306 | D:9      | 7306 ||| Stepping ~*~*~tactically~*~*~ (stealth).
  7330 | D:9      | 7330 ||| Stepping ~*~*~tactically~*~*~ (stealth).
  7334 | D:9      | Reached skill level 6 in Armour
  7343 | D:9      | 7343 ||| Stepping ~*~*~tactically~*~*~ (stealth).
  7344 | D:9      | 7344 ||| Stepping ~*~*~tactically~*~*~ (stealth).
  7345 | D:9      | 7345 ||| Stepping ~*~*~tactically~*~*~ (stealth).
  7371 | D:9      | 7371 ||| INVOKING Berserk.
  7374 | D:9      | Received a gift from Trog
  7389 | D:9      | 7389 ||| FLEEEEING.
  7397 | D:9      | Reached XP level 11. HP: 60/71 MP: 8/11
  7398 | D:9      | 7398 ||| STILL FLEEEEING.
  7452 | D:9      | 7452 ||| SWAPPING to glowing broad axe {god gift}.
  7453 | D:9      | 7453 ||| DROPPING +6 war axe of freezing.
  7463 | D:9      | 7463 ||| Stepping ~*~*~tactically~*~*~ (stealth).
  7519 | D:9      | Found a staircase to the Lair.
  7550 | D:9      | 7550 ||| Stepping ~*~*~tactically~*~*~ (stealth).
  7555 | D:9      | 7555 ||| Stepping ~*~*~tactically~*~*~ (stealth).
  7601 | D:9      | 7601 ||| Stepping ~*~*~tactically~*~*~ (hiding).
  7602 | D:9      | 7602 ||| Waiting for ranged monster.
  7603 | D:9      | 7603 ||| Waiting for ranged monster.
  7605 | D:9      | 7605 ||| Stepping ~*~*~tactically~*~*~ (hiding).
  7641 | D:9      | 7641 ||| EATING 22 rations.
  7649 | D:9      | 7649 ||| EATING 22 rations.
  7654 | D:9      | 7654 ||| EATING 22 rations.
  7659 | D:9      | 7659 ||| EATING 22 rations.
  7692 | D:9      | 7692 ||| Stepping ~*~*~tactically~*~*~ (hiding).
  7693 | D:9      | 7693 ||| Stepping ~*~*~tactically~*~*~ (hiding).
  7694 | D:9      | 7694 ||| Stepping ~*~*~tactically~*~*~ (hiding).
  7695 | D:9      | 7695 ||| Waiting for ranged monster.
  7696 | D:9      | 7696 ||| Waiting for ranged monster.
  7697 | D:9      | 7697 ||| Waiting for ranged monster.
  7698 | D:9      | 7698 ||| Waiting for ranged monster.
  7699 | D:9      | 7699 ||| Waiting for ranged monster.
  7703 | D:9      | 7703 ||| Waiting for ranged monster.
  7707 | D:9      | 7707 ||| Stepping ~*~*~tactically~*~*~ (stealth).
  7710 | D:9      | 7710 ||| Stepping ~*~*~tactically~*~*~ (hiding).
  7711 | D:9      | 7711 ||| Waiting for ranged monster.
  7712 | D:9      | 7712 ||| Waiting for ranged monster.
  7713 | D:9      | 7713 ||| Waiting for ranged monster.
  7714 | D:9      | 7714 ||| Waiting for ranged monster.
  7719 | D:9      | 7719 ||| Waiting for ranged monster.
  7725 | D:9      | 7725 ||| Stepping ~*~*~tactically~*~*~ (stealth).
  7734 | D:9      | 7734 ||| DROPPING +3 scale mail of fire resistance.
  7745 | D:9      | 7745 ||| Stepping ~*~*~tactically~*~*~ (stealth).
  7747 | D:9      | 7747 ||| Stepping ~*~*~tactically~*~*~ (hiding).
  7748 | D:9      | 7748 ||| Stepping ~*~*~tactically~*~*~ (hiding).
  7749 | D:9      | 7749 ||| Waiting for ranged monster.
  7750 | D:9      | 7750 ||| Waiting for ranged monster.
  7751 | D:9      | 7751 ||| Waiting for ranged monster.
  7758 | D:9      | 7758 ||| Stepping ~*~*~tactically~*~*~ (hiding).
  7760 | D:9      | 7760 ||| INVOKING Berserk.
  7835 | D:9      | 7835 ||| UPGRADING to morningstar.
  7836 | D:9      | 7836 ||| SWAPPING to +2 antimagic broad axe.
  8075 | Lair:1   | Entered Level 1 of the Lair of Beasts
  8076 | Lair:1   | 8076 ||| Entered L.
  8080 | Lair:1   | 8080 ||| STAIRDANCE
  8094 | Lair:1   | 8094 ||| STAIRDANCE
  8098 | D:9      | Reached skill level 9 in Shields
  8141 | Lair:1   | 8141 ||| Stepping ~*~*~tactically~*~*~ (hiding).
  8189 | Lair:1   | 8189 ||| FLEEEEING.
  8190 | Lair:1   | 8190 ||| FLEEEEING.
  8191 | Lair:1   | 8191 ||| FLEEEEING.
  8192 | Lair:1   | 8192 ||| FLEEEEING.
  8193 | Lair:1   | 8193 ||| FLEEEEING.
  8208 | Lair:1   | 8208 ||| STAIRDANCE
  8399 | Lair:1   | 8399 ||| INVOKING Berserk.
  8527 | Lair:1   | Noticed a six-headed hydra
  8529 | Lair:1   | 8529 ||| INVOKING Brothers in Arms.
  8530 | Lair:1   | 8530 ||| INVOKING Brothers in Arms.
  8531 | Lair:1   | 8531 ||| SWAPPING to +0 morningstar.
  8532 | Lair:1   | 8532 ||| INVOKING Berserk.
  8533 | Lair:1   | Killed a six-headed hydra
  8538 | Lair:1   | 8538 ||| SWAPPING to +2 antimagic broad axe.
  8681 | Lair:1   | Reached skill level 9 in Armour
  8758 | Lair:1   | 8758 ||| EATING 24 rations.
  8784 | Lair:1   | 8784 ||| INVOKING Berserk.
  9110 | Lair:2   | 9110 ||| Stepping ~*~*~tactically~*~*~ (stealth).
  9113 | Lair:2   | 9113 ||| Stepping ~*~*~tactically~*~*~ (stealth).
  9115 | Lair:2   | 9115 ||| Stepping ~*~*~tactically~*~*~ (stealth).
  9116 | Lair:2   | 9116 ||| Stepping ~*~*~tactically~*~*~ (stealth).
  9117 | Lair:2   | 9117 ||| Stepping ~*~*~tactically~*~*~ (stealth).
  9118 | Lair:2   | 9118 ||| Stepping ~*~*~tactically~*~*~ (stealth).
  9122 | Lair:2   | 9122 ||| INVOKING Berserk.
  9153 | Lair:2   | 9153 ||| FLEEEEING.
  9154 | Lair:2   | 9154 ||| STILL FLEEEEING.
  9155 | Lair:2   | 9155 ||| STILL FLEEEEING.
  9156 | Lair:2   | 9156 ||| STILL FLEEEEING.
  9157 | Lair:2   | 9157 ||| STILL FLEEEEING.
  9158 | Lair:2   | 9158 ||| STILL FLEEEEING.
  9159 | Lair:2   | 9159 ||| STILL FLEEEEING.
  9160 | Lair:2   | 9160 ||| STILL FLEEEEING.
  9161 | Lair:2   | 9161 ||| STAIRDANCE
  9207 | Lair:2   | 9207 ||| Stepping ~*~*~tactically~*~*~ (stealth).
  9213 | Lair:2   | 9213 ||| INVOKING Berserk.
  9220 | Lair:2   | Reached skill level 11 in Axes
  9329 | Lair:2   | 9329 ||| Stepping ~*~*~tactically~*~*~ (stealth).
  9330 | Lair:2   | 9330 ||| Stepping ~*~*~tactically~*~*~ (stealth).
  9347 | Lair:2   | 9347 ||| INVOKING Berserk.
  9364 | Lair:2   | Reached XP level 12. HP: 76/76 MP: 2/12
  9369 | Lair:2   | Reached skill level 12 in Axes
  9505 | Lair:2   | 9505 ||| Stepping ~*~*~tactically~*~*~ (stealth).
  9506 | Lair:2   | 9506 ||| Stepping ~*~*~tactically~*~*~ (stealth).
  9507 | Lair:2   | 9507 ||| Stepping ~*~*~tactically~*~*~ (stealth).
  9512 | Lair:2   | 9512 ||| Stepping ~*~*~tactically~*~*~ (stealth).
  9514 | Lair:2   | 9514 ||| Stepping ~*~*~tactically~*~*~ (stealth).
  9521 | Lair:2   | 9521 ||| Stepping ~*~*~tactically~*~*~ (stealth).
  9523 | Lair:2   | 9523 ||| Stepping ~*~*~tactically~*~*~ (stealth).
  9524 | Lair:2   | 9524 ||| Stepping ~*~*~tactically~*~*~ (stealth).
  9525 | Lair:2   | 9525 ||| Stepping ~*~*~tactically~*~*~ (stealth).
  9526 | Lair:2   | 9526 ||| Stepping ~*~*~tactically~*~*~ (stealth).
  9528 | Lair:2   | 9528 ||| Stepping ~*~*~tactically~*~*~ (stealth).
  9532 | Lair:2   | 9532 ||| FLEEEEING.
  9533 | Lair:2   | 9533 ||| FLEEEEING.
  9534 | Lair:2   | 9534 ||| FLEEEEING.
  9535 | Lair:2   | 9535 ||| FLEEEEING.
  9536 | Lair:2   | 9536 ||| FLEEEEING.
  9537 | Lair:2   | 9537 ||| FLEEEEING.
  9538 | Lair:2   | 9538 ||| FLEEEEING.
  9539 | Lair:2   | 9539 ||| FLEEEEING.
  9540 | Lair:2   | 9540 ||| STAIRDANCE
  9579 | Lair:2   | 9579 ||| STAIRDANCE
  9711 | Lair:2   | 9711 ||| STAIRDANCE
  9885 | Lair:2   | 9885 ||| Stepping ~*~*~tactically~*~*~ (stealth).
  9888 | Lair:2   | 9888 ||| Stepping ~*~*~tactically~*~*~ (stealth).
  9892 | Lair:2   | 9892 ||| Stepping ~*~*~tactically~*~*~ (stealth).
  9908 | Lair:2   | Received a gift from Trog
  9920 | Lair:2   | 9920 ||| Stepping ~*~*~tactically~*~*~ (stealth).
  9950 | Lair:2   | 9950 ||| Stepping ~*~*~tactically~*~*~ (stealth).
  9966 | Lair:2   | 9966 ||| SWAPPING to glowing broad axe {god gift}.
  9967 | Lair:2   | 9967 ||| DROPPING +2 antimagic broad axe.
  9969 | Lair:2   | 9969 ||| Stepping ~*~*~tactically~*~*~ (stealth).
  9970 | Lair:2   | 9970 ||| Stepping ~*~*~tactically~*~*~ (stealth).
  9971 | Lair:2   | 9971 ||| Stepping ~*~*~tactically~*~*~ (stealth).
  9972 | Lair:2   | 9972 ||| Stepping ~*~*~tactically~*~*~ (stealth).
 10019 | Lair:2   | 10019 ||| Stepping ~*~*~tactically~*~*~ (stealth).
 10116 | Lair:2   | 10116 ||| Stepping ~*~*~tactically~*~*~ (stealth).
 10117 | Lair:2   | 10117 ||| Stepping ~*~*~tactically~*~*~ (stealth).
 10121 | Lair:2   | 10121 ||| INVOKING Berserk.
 10134 | Lair:2   | 10134 ||| READING 5 scrolls of teleportation.
 10181 | Lair:2   | 10181 ||| Stepping ~*~*~tactically~*~*~ (stealth).
 10182 | Lair:2   | 10182 ||| Stepping ~*~*~tactically~*~*~ (stealth).
 10185 | Lair:2   | 10185 ||| Stepping ~*~*~tactically~*~*~ (stealth).
 10191 | Lair:2   | 10191 ||| Stepping ~*~*~tactically~*~*~ (stealth).
 10192 | Lair:2   | 10192 ||| Stepping ~*~*~tactically~*~*~ (stealth).
 10193 | Lair:2   | 10193 ||| Stepping ~*~*~tactically~*~*~ (stealth).
 10197 | Lair:2   | 10197 ||| INVOKING Berserk.
 10280 | Lair:2   | 10280 ||| Stepping ~*~*~tactically~*~*~ (stealth).
 10290 | Lair:2   | 10290 ||| Stepping ~*~*~tactically~*~*~ (stealth).
 10295 | Lair:2   | 10295 ||| Stepping ~*~*~tactically~*~*~ (stealth).
 10296 | Lair:2   | 10296 ||| Stepping ~*~*~tactically~*~*~ (stealth).
 10297 | Lair:2   | 10297 ||| Stepping ~*~*~tactically~*~*~ (stealth).
 10299 | Lair:2   | 10299 ||| Stepping ~*~*~tactically~*~*~ (stealth).
 10303 | Lair:2   | 10303 ||| Stepping ~*~*~tactically~*~*~ (stealth).
 10305 | Lair:2   | 10305 ||| Stepping ~*~*~tactically~*~*~ (stealth).
 10308 | Lair:2   | 10308 ||| Stepping ~*~*~tactically~*~*~ (stealth).
 10309 | Lair:2   | 10309 ||| Stepping ~*~*~tactically~*~*~ (stealth).
 10310 | Lair:2   | 10310 ||| Stepping ~*~*~tactically~*~*~ (stealth).
 10311 | Lair:2   | 10311 ||| Stepping ~*~*~tactically~*~*~ (stealth).
 10798 | Lair:2   | 10798 ||| Stepping ~*~*~tactically~*~*~ (stealth).
 10799 | Lair:2   | 10799 ||| Stepping ~*~*~tactically~*~*~ (stealth).
 10832 | Lair:2   | 10832 ||| Stepping ~*~*~tactically~*~*~ (stealth).
 10878 | Lair:2   | 10878 ||| Stepping ~*~*~tactically~*~*~ (stealth).
 11019 | Lair:2   | Found the +8 whip "Snakebite" {curare, rPois}
 11285 | Lair:3   | 11285 ||| Stepping ~*~*~tactically~*~*~ (stealth).
 11288 | Lair:3   | 11288 ||| Stepping ~*~*~tactically~*~*~ (stealth).
 11308 | Lair:3   | Noticed Rupert
 11309 | Lair:3   | 11309 ||| INVOKING Brothers in Arms.
 11311 | Lair:3   | 11311 ||| INVOKING Berserk.
 11314 | Lair:3   | Killed Rupert
 11314 | Lair:3   | Reached skill level 13 in Axes
 11347 | Lair:3   | 11347 ||| EATING 25 rations.
 11386 | Lair:3   | 11386 ||| UPGRADING to large shield.
 11396 | Lair:3   | 11396 ||| DROPPING +0 shield.
 11419 | Lair:3   | Found a staircase to the Swamp.
 11508 | Lair:3   | Noticed Snorg
 11516 | Lair:3   | 11516 ||| INVOKING Berserk.
 11524 | Lair:3   | Killed Snorg
 11524 | Lair:3   | Reached XP level 13. HP: 83/83 MP: 4/13
 11582 | Lair:3   | 11582 ||| Stepping ~*~*~tactically~*~*~ (stealth).
 11594 | Lair:3   | 11594 ||| Stepping ~*~*~tactically~*~*~ (hiding).
 12193 | Lair:3   | 12193 ||| READING scroll labeled HITEUHOAHE.
 12263 | Lair:4   | 12263 ||| INVOKING Berserk.
 12266 | Lair:4   | 12266 ||| EATING 24 rations.
 12552 | Lair:4   | Found a hole to the Spider Nest.
 12585 | Lair:4   | 12585 ||| Stepping ~*~*~tactically~*~*~ (stealth).
 12586 | Lair:4   | 12586 ||| Stepping ~*~*~tactically~*~*~ (stealth).
 12588 | Lair:4   | 12588 ||| Stepping ~*~*~tactically~*~*~ (stealth).
 12594 | Lair:4   | 12594 ||| Stepping ~*~*~tactically~*~*~ (stealth).
 12597 | Lair:4   | 12597 ||| Stepping ~*~*~tactically~*~*~ (stealth).
 12598 | Lair:4   | 12598 ||| Stepping ~*~*~tactically~*~*~ (stealth).
 12599 | Lair:4   | 12599 ||| Stepping ~*~*~tactically~*~*~ (stealth).
 12600 | Lair:4   | 12600 ||| Stepping ~*~*~tactically~*~*~ (stealth).
 12602 | Lair:4   | 12602 ||| Stepping ~*~*~tactically~*~*~ (stealth).
 12607 | Lair:4   | 12607 ||| Stepping ~*~*~tactically~*~*~ (stealth).
 12609 | Lair:4   | 12609 ||| Stepping ~*~*~tactically~*~*~ (stealth).
 12611 | Lair:4   | 12611 ||| Stepping ~*~*~tactically~*~*~ (stealth).
 12613 | Lair:4   | 12613 ||| Stepping ~*~*~tactically~*~*~ (stealth).
 12615 | Lair:4   | 12615 ||| Stepping ~*~*~tactically~*~*~ (stealth).
 12616 | Lair:4   | 12616 ||| Stepping ~*~*~tactically~*~*~ (stealth).
 12732 | Lair:4   | 12732 ||| Stepping ~*~*~tactically~*~*~ (stealth).
 12736 | Lair:4   | 12736 ||| Stepping ~*~*~tactically~*~*~ (stealth).
 12737 | Lair:4   | 12737 ||| Stepping ~*~*~tactically~*~*~ (stealth).
 12742 | Lair:4   | 12742 ||| INVOKING Berserk.
 12755 | Lair:4   | Received a gift from Trog
 12766 | Lair:4   | 12766 ||| READING 5 scrolls of teleportation.
 12806 | Lair:4   | 12806 ||| Stepping ~*~*~tactically~*~*~ (stealth).
 12920 | Lair:4   | 12920 ||| Stepping ~*~*~tactically~*~*~ (stealth).
 13018 | Lair:4   | 13018 ||| Stepping ~*~*~tactically~*~*~ (stealth).
 13032 | Lair:4   | 13032 ||| INVOKING Berserk.
 13045 | Lair:4   | 13045 ||| Stepping ~*~*~tactically~*~*~ (stealth).
 13083 | Lair:4   | 13083 ||| Stepping ~*~*~tactically~*~*~ (stealth).
 13089 | Lair:4   | 13089 ||| Stepping ~*~*~tactically~*~*~ (stealth).
 13097 | Lair:4   | 13097 ||| Stepping ~*~*~tactically~*~*~ (stealth).
 13098 | Lair:4   | 13098 ||| Stepping ~*~*~tactically~*~*~ (stealth).
 13118 | Lair:4   | 13118 ||| EATING 24 rations.
 13121 | Lair:4   | 13121 ||| Stepping ~*~*~tactically~*~*~ (hiding).
 13122 | Lair:4   | 13122 ||| Waiting for ranged monster.
 13123 | Lair:4   | 13123 ||| Stepping ~*~*~tactically~*~*~ (hiding).
 13185 | Lair:4   | 13185 ||| UPGRADING to runed morningstar {god gift}.
 13186 | Lair:4   | 13186 ||| SWAPPING to +2 antimagic broad axe.
 13187 | Lair:4   | 13187 ||| DROPPING +0 morningstar.
 13190 | Lair:4   | 13190 ||| Stepping ~*~*~tactically~*~*~ (stealth).
 13456 | Lair:4   | 13456 ||| UPGRADING to glass ring.
 13458 | Lair:4   | 13458 ||| REMOVING ring of poison resistance.
 13459 | Lair:4   | 13459 ||| UPGRADING to ring of protection from cold.
 13460 | Lair:4   | 13460 ||| DROPPING ring of poison resistance.
 13461 | Lair:4   | 13461 ||| UPGRADING to ring of see invisible.
 13710 | Lair:4   | 13710 ||| READING 3 scrolls of identify.
 13710 | Lair:4   | 13710 ||| IDENTIFYING smoky ruby potion
 13711 | Lair:4   | 13711 ||| READING 2 scrolls of identify.
 13711 | Lair:4   | 13711 ||| IDENTIFYING puce potion
 13712 | Lair:4   | 13712 ||| DROPPING potion of magic.
 13713 | Lair:4   | 13713 ||| DROPPING potion of flight.
 13738 | Lair:5   | 13738 ||| STAIRDANCE
 13787 | Lair:5   | 13787 ||| Stepping ~*~*~tactically~*~*~ (stealth).
 13836 | Lair:5   | 13836 ||| Stepping ~*~*~tactically~*~*~ (stealth).
 13837 | Lair:5   | 13837 ||| Stepping ~*~*~tactically~*~*~ (stealth).
 13886 | Lair:5   | 13886 ||| Stepping ~*~*~tactically~*~*~ (stealth).
 13892 | Lair:5   | 13892 ||| Stepping ~*~*~tactically~*~*~ (stealth).
 13893 | Lair:5   | 13893 ||| Stepping ~*~*~tactically~*~*~ (stealth).
 13894 | Lair:5   | 13894 ||| Stepping ~*~*~tactically~*~*~ (stealth).
 13907 | Lair:5   | 13907 ||| Stepping ~*~*~tactically~*~*~ (stealth).
 13908 | Lair:5   | 13908 ||| Stepping ~*~*~tactically~*~*~ (stealth).
 13911 | Lair:5   | 13911 ||| Stepping ~*~*~tactically~*~*~ (stealth).
 13920 | Lair:5   | 13920 ||| FLEEEEING.
 13921 | Lair:5   | 13921 ||| FLEEEEING.
 13922 | Lair:5   | 13922 ||| FLEEEEING.
 13923 | Lair:5   | 13923 ||| FLEEEEING.
 13924 | Lair:5   | 13924 ||| FLEEEEING.
 13925 | Lair:5   | 13925 ||| FLEEEEING.
 13926 | Lair:5   | 13926 ||| FLEEEEING.
 13927 | Lair:5   | 13927 ||| FLEEEEING.
 13928 | Lair:5   | 13928 ||| FLEEEEING.
 13929 | Lair:5   | 13929 ||| FLEEEEING.
 13930 | Lair:5   | 13930 ||| FLEEEEING.
 13931 | Lair:5   | 13931 ||| FLEEEEING.
 13932 | Lair:5   | 13932 ||| FLEEEEING.
 13933 | Lair:5   | 13933 ||| FLEEEEING.
 13934 | Lair:5   | 13934 ||| FLEEEEING.
 13935 | Lair:5   | 13935 ||| FLEEEEING.
 13936 | Lair:5   | 13936 ||| FLEEEEING.
 13937 | Lair:5   | 13937 ||| FLEEEEING.
 13938 | Lair:5   | 13938 ||| FLEEEEING.
 13939 | Lair:5   | 13939 ||| FLEEEEING.
 13940 | Lair:5   | 13940 ||| FLEEEEING.
 14004 | Lair:5   | 14004 ||| Stepping ~*~*~tactically~*~*~ (stealth).
 14024 | Lair:5   | 14024 ||| Stepping ~*~*~tactically~*~*~ (stealth).
 14026 | Lair:5   | 14026 ||| Stepping ~*~*~tactically~*~*~ (stealth).
 14383 | Lair:5   | 14383 ||| UPGRADING to pair of embroidered gloves.
 14393 | Lair:5   | 14393 ||| DROPPING +2 pair of gloves.
 14449 | Lair:5   | 14449 ||| Stepping ~*~*~tactically~*~*~ (stealth).
 14450 | Lair:5   | 14450 ||| Stepping ~*~*~tactically~*~*~ (stealth).
 14735 | Lair:5   | 14735 ||| READING scroll labeled ZEOFAN ELOIT.
 14743 | Lair:6   | Entered Level 6 of the Lair of Beasts
 14759 | Lair:6   | 14759 ||| STAIRDANCE
 14887 | Lair:6   | 14887 ||| Stepping ~*~*~tactically~*~*~ (stealth).
 14913 | Lair:6   | 14913 ||| Stepping ~*~*~tactically~*~*~ (stealth).
 14921 | Lair:6   | Reached skill level 14 in Axes
 14955 | Lair:6   | Reached skill level 3 in Dodging
 14973 | Lair:6   | 14973 ||| Stepping ~*~*~tactically~*~*~ (stealth).
 15017 | Lair:6   | 15017 ||| Stepping ~*~*~tactically~*~*~ (stealth).
 15047 | Lair:6   | 15047 ||| Stepping ~*~*~tactically~*~*~ (stealth).
 15078 | Lair:6   | 15078 ||| FLEEEEING.
 15079 | Lair:6   | 15079 ||| STILL FLEEEEING.
 15088 | Lair:6   | Received a gift from Trog
 15147 | Lair:6   | 15147 ||| Stepping ~*~*~tactically~*~*~ (stealth).
 15148 | Lair:6   | 15148 ||| Stepping ~*~*~tactically~*~*~ (stealth).
 15178 | Lair:6   | 15178 ||| Stepping ~*~*~tactically~*~*~ (stealth).
 15179 | Lair:6   | 15179 ||| Stepping ~*~*~tactically~*~*~ (stealth).
 15181 | Lair:6   | 15181 ||| Stepping ~*~*~tactically~*~*~ (stealth).
 15193 | Lair:6   | 15193 ||| Stepping ~*~*~tactically~*~*~ (stealth).
 15207 | Lair:6   | 15207 ||| Stepping ~*~*~tactically~*~*~ (stealth).
 15216 | Lair:6   | 15216 ||| Stepping ~*~*~tactically~*~*~ (stealth).
 15231 | Lair:6   | 15231 ||| Stepping ~*~*~tactically~*~*~ (stealth).
 15232 | Lair:6   | 15232 ||| Stepping ~*~*~tactically~*~*~ (stealth).
 15245 | Lair:6   | Gained mutation: Your large and strong wings let you fly
                  | indefinitely. [Gargoyle growth]
 15245 | Lair:6   | Reached XP level 14. HP: 90/90 MP: 4/14
 15254 | Lair:6   | 15254 ||| SWAPPING to glowing war axe {god gift}.
 15255 | Lair:6   | 15255 ||| SWAPPING to +2 antimagic broad axe.
 15264 | Lair:6   | 15264 ||| INVOKING Fly.
 15264 | Lair:6   | 15264 ||| FLYING.
 15265 | Lair:6   | 15265 ||| DROPPING +3 war axe.
 15273 | Lair:6   | Got a pair of ichor-stained gloves
 15274 | Lair:6   | 15274 ||| UPGRADING to pair of ichor-stained gloves.
 15284 | Lair:6   | Identified the +1 pair of gloves of Begemyac {rF+ Stlth+}
                  | (You found it on level 6 of the Lair of Beasts)
 15313 | Lair:6   | 15313 ||| READING scroll of enchant weapon.
 15313 | Lair:6   | 15313 ||| ENCHANTING +2 antimagic broad axe.
 15319 | Lair:6   | 15319 ||| Stepping ~*~*~tactically~*~*~ (stealth).
 15320 | Lair:6   | 15320 ||| Stepping ~*~*~tactically~*~*~ (stealth).
 15336 | Lair:6   | 15336 ||| UPGRADING to dented garnet amulet.
 15338 | Lair:6   | 15338 ||| READING 8 scrolls of remove curse.
 15339 | Lair:6   | 15339 ||| REMOVING amulet of inaccuracy.
 15340 | Lair:6   | 15340 ||| UPGRADING to amulet of guardian spirit.
 15341 | Lair:6   | 15341 ||| DROPPING amulet of inaccuracy.
 15345 | Lair:6   | 15345 ||| Stepping ~*~*~tactically~*~*~ (stealth).
 15387 | Lair:6   | 15387 ||| Stepping ~*~*~tactically~*~*~ (stealth).
 15432 | Lair:6   | 15432 ||| FLEEEEING.
 15433 | Lair:6   | 15433 ||| FLEEEEING.
 15434 | Lair:6   | 15434 ||| FLEEEEING.
 15460 | Lair:6   | 15460 ||| Stepping ~*~*~tactically~*~*~ (stealth).
 15461 | Lair:6   | 15461 ||| Stepping ~*~*~tactically~*~*~ (stealth).
 15462 | Lair:6   | 15462 ||| Stepping ~*~*~tactically~*~*~ (stealth).
 15463 | Lair:6   | 15463 ||| Stepping ~*~*~tactically~*~*~ (stealth).
 15464 | Lair:6   | 15464 ||| Stepping ~*~*~tactically~*~*~ (stealth).
 15465 | Lair:6   | 15465 ||| Stepping ~*~*~tactically~*~*~ (stealth).
 15512 | Lair:6   | 15512 ||| Stepping ~*~*~tactically~*~*~ (stealth).
 15519 | Lair:6   | 15519 ||| Stepping ~*~*~tactically~*~*~ (stealth).
 15557 | Lair:6   | 15557 ||| Stepping ~*~*~tactically~*~*~ (stealth).
 15585 | Lair:6   | 15585 ||| Stepping ~*~*~tactically~*~*~ (stealth).
 15616 | Lair:6   | Reached skill level 15 in Axes
 15674 | Lair:6   | 15674 ||| Stepping ~*~*~tactically~*~*~ (stealth).
 15677 | Lair:6   | 15677 ||| Stepping ~*~*~tactically~*~*~ (stealth).
 15691 | Lair:6   | 15691 ||| Stepping ~*~*~tactically~*~*~ (stealth).
 15737 | Lair:6   | 15737 ||| Stepping ~*~*~tactically~*~*~ (stealth).
 15739 | Lair:6   | 15739 ||| Stepping ~*~*~tactically~*~*~ (stealth).
 15750 | Lair:6   | 15750 ||| Stepping ~*~*~tactically~*~*~ (stealth).
 15776 | Lair:6   | 15776 ||| INVOKING Berserk.
 15781 | Lair:6   | Reached skill level 12 in Fighting
 15806 | Lair:6   | 15806 ||| Stepping ~*~*~tactically~*~*~ (stealth).
 15813 | Lair:6   | 15813 ||| Stepping ~*~*~tactically~*~*~ (stealth).
 15977 | Lair:6   | 15977 ||| Stepping ~*~*~tactically~*~*~ (stealth).
 15979 | Lair:6   | 15979 ||| Stepping ~*~*~tactically~*~*~ (stealth).
 15982 | Lair:6   | 15982 ||| Stepping ~*~*~tactically~*~*~ (stealth).
 16013 | Lair:6   | 16013 ||| Stepping ~*~*~tactically~*~*~ (stealth).
 16215 | Lair:6   | 16215 ||| FLEEEEING.
 16216 | Lair:6   | 16216 ||| STILL FLEEEEING.
 16217 | Lair:6   | 16217 ||| STILL FLEEEEING.
 16218 | Lair:6   | 16218 ||| STILL FLEEEEING.
 16219 | Lair:6   | 16219 ||| STILL FLEEEEING.
 16220 | Lair:6   | 16220 ||| STILL FLEEEEING.
 16221 | Lair:6   | 16221 ||| STILL FLEEEEING.
 16222 | Lair:6   | 16222 ||| STILL FLEEEEING.
 16223 | Lair:6   | 16223 ||| STILL FLEEEEING.
 16224 | Lair:6   | 16224 ||| STILL FLEEEEING.
 16225 | Lair:6   | 16225 ||| STAIRDANCE
 16264 | Lair:5   | 16264 ||| READING 2 scrolls of identify.
 16264 | Lair:5   | 16264 ||| IDENTIFYING pink potion
 16265 | Lair:5   | 16265 ||| DROPPING potion of ambrosia.
 16277 | Lair:6   | 16277 ||| Stepping ~*~*~tactically~*~*~ (stealth).
 16278 | Lair:6   | 16278 ||| Stepping ~*~*~tactically~*~*~ (stealth).
 16332 | Lair:6   | 16332 ||| Stepping ~*~*~tactically~*~*~ (stealth).
 16337 | Lair:6   | 16337 ||| Stepping ~*~*~tactically~*~*~ (stealth).
 16339 | Lair:6   | 16339 ||| Stepping ~*~*~tactically~*~*~ (stealth).
 16351 | Lair:6   | Received a gift from Trog
 16371 | Lair:6   | Got a bone war axe {god gift}
 16372 | Lair:6   | 16372 ||| SWAPPING to bone war axe {god gift}.
 16372 | Lair:6   | Identified the +4 war axe of Nasko {chop, *Slow +Fly Str+4
                  | Dex+2} (Trog gifted it to you on level 6 of the Lair of
                  | Beasts)
 16373 | Lair:6   | 16373 ||| SWAPPING to +3 antimagic broad axe.
 16374 | Lair:6   | 16374 ||| DROPPING +4 war axe of Nasko {chop, *Slow +Fly
                  | Str+4 Dex+2}.
 16454 | Lair:6   | Reached skill level 12 in Shields
 16516 | Lair:6   | 16516 ||| Stepping ~*~*~tactically~*~*~ (stealth).
 16529 | Lair:6   | 16529 ||| Stepping ~*~*~tactically~*~*~ (stealth).
 16530 | Lair:6   | 16530 ||| Stepping ~*~*~tactically~*~*~ (stealth).
 16532 | Lair:6   | 16532 ||| Stepping ~*~*~tactically~*~*~ (stealth).
 16533 | Lair:6   | 16533 ||| Stepping ~*~*~tactically~*~*~ (stealth).
 16593 | Lair:6   | 16593 ||| Stepping ~*~*~tactically~*~*~ (stealth).
 16594 | Lair:6   | 16594 ||| Stepping ~*~*~tactically~*~*~ (stealth).
 16595 | Lair:6   | 16595 ||| Stepping ~*~*~tactically~*~*~ (stealth).
 16618 | Lair:6   | 16618 ||| Stepping ~*~*~tactically~*~*~ (stealth).
 16656 | Lair:6   | 16656 ||| INVOKING Brothers in Arms.
 16657 | Lair:6   | 16657 ||| SWAPPING to +2 morningstar.
 16658 | Lair:6   | 16658 ||| INVOKING Berserk.
 16668 | Lair:6   | 16668 ||| SWAPPING to +3 antimagic broad axe.
 16737 | Lair:6   | Found a staircase to the Slime Pits.
 16809 | Lair:6   | 16809 ||| Stepping ~*~*~tactically~*~*~ (stealth).
 16962 | Lair:6   | 16962 ||| EATING 33 rations.
 16971 | Lair:6   | 16971 ||| DRINKING 2 red potions.
 16972 | Lair:6   | 16972 ||| READING 2 scrolls of identify.
 16972 | Lair:6   | 16972 ||| IDENTIFYING glowing dark potion
 16973 | Lair:6   | 16973 ||| DROPPING potion of degeneration.
 16974 | Lair:6   | 16974 ||| DROPPING potion of invisibility.
 17128 | D:10     | Entered Level 10 of the Dungeon
 17172 | D:10     | 17172 ||| Stepping ~*~*~tactically~*~*~ (stealth).
 17179 | D:10     | 17179 ||| Stepping ~*~*~tactically~*~*~ (hiding).
 17187 | D:10     | 17187 ||| Waiting for ranged monster.
 17188 | D:10     | 17188 ||| Waiting for ranged monster.
 17201 | D:10     | 17201 ||| Stepping ~*~*~tactically~*~*~ (stealth).
 17226 | D:10     | 17226 ||| Stepping ~*~*~tactically~*~*~ (hiding).
 17227 | D:10     | 17227 ||| Stepping ~*~*~tactically~*~*~ (hiding).
 17228 | D:10     | 17228 ||| Waiting for ranged monster.
 17264 | D:10     | 17264 ||| UPGRADING to copper ring.
 17266 | D:10     | 17266 ||| UPGRADING to ring of protection from cold.
 17296 | D:10     | 17296 ||| Stepping ~*~*~tactically~*~*~ (stealth).
 17312 | D:10     | 17312 ||| Stepping ~*~*~tactically~*~*~ (stealth).
 17314 | D:10     | 17314 ||| Stepping ~*~*~tactically~*~*~ (stealth).
 17327 | D:10     | 17327 ||| Stepping ~*~*~tactically~*~*~ (stealth).
 17334 | D:10     | 17334 ||| Stepping ~*~*~tactically~*~*~ (hiding).
 17335 | D:10     | 17335 ||| Stepping ~*~*~tactically~*~*~ (hiding).
 17336 | D:10     | 17336 ||| Waiting for ranged monster.
 17337 | D:10     | 17337 ||| Waiting for ranged monster.
 17338 | D:10     | 17338 ||| Waiting for ranged monster.
 17339 | D:10     | 17339 ||| Waiting for ranged monster.
 17343 | D:10     | 17343 ||| Waiting for ranged monster.
 17344 | D:10     | 17344 ||| Waiting for ranged monster.
 17364 | D:10     | 17364 ||| Stepping ~*~*~tactically~*~*~ (stealth).
 17374 | D:10     | Reached skill level 12 in Armour
 17419 | D:10     | 17419 ||| Stepping ~*~*~tactically~*~*~ (stealth).
 17523 | D:10     | 17523 ||| STAIRDANCE
 17527 | D:9      | 17527 ||| READING 4 scrolls of identify.
 17527 | D:9      | 17527 ||| IDENTIFYING coppery potion
 17528 | D:9      | 17528 ||| READING 3 scrolls of identify.
 17528 | D:9      | 17528 ||| IDENTIFYING silvery potion
 17529 | D:9      | 17529 ||| DROPPING potion of berserk rage.
 17532 | D:10     | 17532 ||| STAIRDANCE
 17625 | D:10     | 17625 ||| Stepping ~*~*~tactically~*~*~ (hiding).
 17626 | D:10     | 17626 ||| Waiting for ranged monster.
 17627 | D:10     | 17627 ||| Waiting for ranged monster.
 17628 | D:10     | 17628 ||| Stepping ~*~*~tactically~*~*~ (hiding).
 17636 | D:10     | 17636 ||| Waiting for ranged monster.
 17637 | D:10     | 17637 ||| Waiting for ranged monster.
 17710 | D:10     | 17710 ||| Stepping ~*~*~tactically~*~*~ (stealth).
 17714 | D:10     | 17714 ||| Stepping ~*~*~tactically~*~*~ (stealth).
 17727 | D:10     | Received a gift from Trog
 17729 | D:10     | 17729 ||| SWAPPING to runed war axe {god gift}.
 17730 | D:10     | 17730 ||| SWAPPING to +3 antimagic broad axe.
 17731 | D:10     | 17731 ||| DROPPING +4 war axe.
 17734 | D:10     | Found Somumerr's Magic Scroll Shoppe.
 17739 | D:10     | 17739 ||| Stepping ~*~*~tactically~*~*~ (stealth).
 17740 | D:10     | 17740 ||| Stepping ~*~*~tactically~*~*~ (stealth).
 17754 | D:10     | Got a transparent morningstar
 17755 | D:10     | 17755 ||| UPGRADING to transparent morningstar.
 17755 | D:10     | Identified the +11 morningstar "Xod Ilase" {flame, *Drain
                  | rN+ Dex+6} (You found it on level 10 of the Dungeon)
 17756 | D:10     | 17756 ||| SWAPPING to +3 antimagic broad axe.
 17757 | D:10     | 17757 ||| DROPPING +2 morningstar.
 17760 | D:10     | 17760 ||| Stepping ~*~*~tactically~*~*~ (stealth).
 17761 | D:10     | 17761 ||| Stepping ~*~*~tactically~*~*~ (stealth).
 17774 | D:10     | Bought a scroll of enchant weapon for 120 gold pieces
 17774 | D:10     | Bought a scroll of identify for 32 gold pieces
 17774 | D:10     | Bought a scroll of remove curse for 48 gold pieces
 17774 | D:10     | 17774 ||| SHOPLISTING scroll of acquirement (832 gold, have
                  | 776).
 17774 | D:10     | 17774 ||| READING scroll of enchant weapon.
 17774 | D:10     | 17774 ||| ENCHANTING +3 antimagic broad axe.
 17807 | D:10     | 17807 ||| Stepping ~*~*~tactically~*~*~ (stealth).
 17808 | D:10     | 17808 ||| Stepping ~*~*~tactically~*~*~ (stealth).
 17810 | D:10     | 17810 ||| Stepping ~*~*~tactically~*~*~ (hiding).
 17811 | D:10     | 17811 ||| Stepping ~*~*~tactically~*~*~ (hiding).
 17812 | D:10     | 17812 ||| Stepping ~*~*~tactically~*~*~ (hiding).
 17813 | D:10     | 17813 ||| Stepping ~*~*~tactically~*~*~ (hiding).
 17814 | D:10     | 17814 ||| Stepping ~*~*~tactically~*~*~ (hiding).
 17815 | D:10     | 17815 ||| Stepping ~*~*~tactically~*~*~ (hiding).
 17821 | D:10     | 17821 ||| Waiting for ranged monster.
 17822 | D:10     | 17822 ||| Waiting for ranged monster.
 17823 | D:10     | 17823 ||| Waiting for ranged monster.
 17824 | D:10     | 17824 ||| Waiting for ranged monster.
 18202 | D:11     | 18202 ||| Stepping ~*~*~tactically~*~*~ (stealth).
 18203 | D:11     | 18203 ||| Stepping ~*~*~tactically~*~*~ (stealth).
 18204 | D:11     | 18204 ||| Stepping ~*~*~tactically~*~*~ (stealth).
 18225 | D:11     | 18225 ||| EATING 37 rations.
 18228 | D:11     | Noticed Nergalle
 18229 | D:11     | 18229 ||| Stepping ~*~*~tactically~*~*~ (hiding).
 18232 | D:11     | 18232 ||| Stepping ~*~*~tactically~*~*~ (hiding).
 18249 | D:11     | Killed Nergalle
 18250 | D:11     | 18250 ||| Stepping ~*~*~tactically~*~*~ (stealth).
 18254 | D:11     | 18254 ||| FLEEEEING.
 18255 | D:11     | 18255 ||| FLEEEEING.
 18256 | D:11     | 18256 ||| STAIRDANCE
 18263 | D:10     | 18263 ||| Stepping ~*~*~tactically~*~*~ (stealth).
 18268 | D:10     | 18268 ||| Stepping ~*~*~tactically~*~*~ (stealth).
 18269 | D:10     | 18269 ||| Stepping ~*~*~tactically~*~*~ (stealth).
 18417 | D:11     | 18417 ||| Stepping ~*~*~tactically~*~*~ (stealth).
 18432 | D:11     | 18432 ||| Stepping ~*~*~tactically~*~*~ (hiding).
 18433 | D:11     | 18433 ||| Stepping ~*~*~tactically~*~*~ (hiding).
 18434 | D:11     | 18434 ||| Stepping ~*~*~tactically~*~*~ (hiding).
 18436 | D:11     | 18436 ||| Waiting for ranged monster.
 18438 | D:11     | 18438 ||| Waiting for ranged monster.
 18442 | D:11     | 18442 ||| Waiting for ranged monster.
 18443 | D:11     | 18443 ||| Waiting for ranged monster.
 18450 | D:11     | 18450 ||| Stepping ~*~*~tactically~*~*~ (hiding).
 18451 | D:11     | 18451 ||| Stepping ~*~*~tactically~*~*~ (hiding).
 18457 | D:11     | 18457 ||| Stepping ~*~*~tactically~*~*~ (hiding).
 18460 | D:11     | 18460 ||| Stepping ~*~*~tactically~*~*~ (hiding).
 18461 | D:11     | 18461 ||| Stepping ~*~*~tactically~*~*~ (hiding).
 18471 | D:11     | 18471 ||| Stepping ~*~*~tactically~*~*~ (stealth).
 18472 | D:11     | 18472 ||| Stepping ~*~*~tactically~*~*~ (stealth).
 18481 | D:11     | 18481 ||| Stepping ~*~*~tactically~*~*~ (stealth).
 18482 | D:11     | 18482 ||| Stepping ~*~*~tactically~*~*~ (stealth).
 18569 | D:11     | 18569 ||| Stepping ~*~*~tactically~*~*~ (stealth).
 18570 | D:11     | 18570 ||| Stepping ~*~*~tactically~*~*~ (stealth).
 18580 | D:11     | 18580 ||| Stepping ~*~*~tactically~*~*~ (stealth).
 18585 | D:11     | 18585 ||| Stepping ~*~*~tactically~*~*~ (stealth).
 18586 | D:11     | 18586 ||| Stepping ~*~*~tactically~*~*~ (stealth).
 18590 | D:11     | 18590 ||| Stepping ~*~*~tactically~*~*~ (stealth).
 18599 | D:11     | 18599 ||| Stepping ~*~*~tactically~*~*~ (stealth).
 18601 | D:11     | 18601 ||| Stepping ~*~*~tactically~*~*~ (stealth).
 18602 | D:11     | 18602 ||| Stepping ~*~*~tactically~*~*~ (stealth).
 18711 | D:11     | 18711 ||| Stepping ~*~*~tactically~*~*~ (hiding).
 18712 | D:11     | 18712 ||| Waiting for ranged monster.
 18713 | D:11     | 18713 ||| Waiting for ranged monster.
 18728 | D:11     | 18728 ||| Stepping ~*~*~tactically~*~*~ (stealth).
 18731 | D:11     | 18731 ||| Stepping ~*~*~tactically~*~*~ (stealth).
 18780 | D:11     | 18780 ||| INVOKING Berserk.
 18791 | D:11     | Received a gift from Trog
 19072 | D:11     | Found a staircase to the Orcish Mines.
 19208 | Orc:1    | Entered Level 1 of the Orcish Mines
 19209 | Orc:1    | 19209 ||| Entered O.
 19209 | Orc:1    | 19209 ||| STAIRDANCE
 19211 | D:11     | 19211 ||| INVOKING Berserk.
 19263 | D:11     | 19263 ||| EATING 37 rations.
 19266 | Orc:1    | 19266 ||| STAIRDANCE
 19273 | Orc:1    | 19273 ||| STAIRDANCE
 19281 | Orc:1    | 19281 ||| STAIRDANCE
 19286 | Orc:1    | 19286 ||| STAIRDANCE
 19293 | Orc:1    | 19293 ||| STAIRDANCE
 19339 | Orc:1    | 19339 ||| STAIRDANCE
 19344 | Orc:1    | 19344 ||| STAIRDANCE
 19350 | Orc:1    | 19350 ||| STAIRDANCE
 19352 | D:11     | 19352 ||| INVOKING Berserk.
 19409 | Orc:1    | 19409 ||| STAIRDANCE
 19414 | Orc:1    | 19414 ||| STAIRDANCE
 19422 | Orc:1    | 19422 ||| STAIRDANCE
 19438 | Orc:1    | 19438 ||| STAIRDANCE
 19444 | Orc:1    | 19444 ||| STAIRDANCE
 19458 | Orc:1    | 19458 ||| STAIRDANCE
 19494 | Orc:1    | You are sucked into a shaft and drop 1 floor!
 19494 | Orc:2    | Entered Level 2 of the Orcish Mines
 19495 | Orc:2    | 19495 ||| Shafted from Orc:1 to Orc:2.
 19510 | Orc:2    | Found a staircase to the Elven Halls.
 19515 | Orc:2    | 19515 ||| Stepping ~*~*~tactically~*~*~ (hiding).
 19517 | Orc:2    | 19517 ||| INVOKING Berserk.
 19531 | Orc:2    | 19531 ||| Stepping ~*~*~tactically~*~*~ (stealth).
 19579 | Orc:2    | 19579 ||| INVOKING Berserk.
 19646 | Orc:1    | 19646 ||| Successfully unshafted to Orc:1.
 19959 | Orc:2    | 19959 ||| Stepping ~*~*~tactically~*~*~ (hiding).
 19960 | Orc:2    | 19960 ||| Stepping ~*~*~tactically~*~*~ (hiding).
 19961 | Orc:2    | 19961 ||| Waiting for ranged monster.
 19962 | Orc:2    | 19962 ||| Waiting for ranged monster.
 19963 | Orc:2    | 19963 ||| Waiting for ranged monster.
 19970 | Orc:2    | Reached XP level 15. HP: 85/96 MP: 5/15
 19972 | Orc:2    | 19972 ||| FLEEEEING.
 19973 | Orc:2    | 19973 ||| STILL FLEEEEING.
 19974 | Orc:2    | 19974 ||| FLEEEEING.
 20160 | Orc:2    | 20160 ||| INVOKING Berserk.
 20167 | Orc:2    | Received a gift from Trog
 20168 | Orc:2    | Reached skill level 16 in Axes
 20171 | Orc:2    | Noticed an orc warlord
 20193 | Orc:2    | Killed an orc warlord
 20194 | Orc:2    | HP: 33/145 [orc warrior/+0 long sword (19)]
 20195 | Orc:2    | HP: 14/145 [orc warrior/+0 trident (19)]
 20196 | Orc:2    | HP: 1/145 [orc warrior/+0 trident (13)]
 20223 | Orc:2    | 20223 ||| Stepping ~*~*~tactically~*~*~ (stealth).
 20226 | Orc:2    | 20226 ||| FLEEEEING.
 20227 | Orc:2    | 20227 ||| STILL FLEEEEING.
 20228 | Orc:2    | 20228 ||| FLEEEEING.
 20229 | Orc:2    | 20229 ||| FLEEEEING.
 20230 | Orc:2    | 20230 ||| FLEEEEING.
 20231 | Orc:2    | 20231 ||| FLEEEEING.
 20232 | Orc:2    | 20232 ||| FLEEEEING.
 20233 | Orc:2    | 20233 ||| FLEEEEING.
 20234 | Orc:2    | 20234 ||| FLEEEEING.
 20235 | Orc:2    | 20235 ||| FLEEEEING.
 20236 | Orc:2    | 20236 ||| FLEEEEING.
 20237 | Orc:2    | 20237 ||| STAIRDANCE
 20239 | Orc:1    | 20239 ||| DRINKING 2 potions of heal wounds.
 20240 | Orc:1    | 20240 ||| INVOKING Brothers in Arms.
 20245 | Orc:1    | 20245 ||| INVOKING Berserk.
 20247 | Orc:1    | HP: 36/145 [orc warrior/+2 hand axe of chopping (6)]
 20263 | Orc:1    | HP: 20/97 [cyclops/large rock (5)]
 20264 | Orc:1    | 20264 ||| DRINKING potion of heal wounds.
 20266 | Orc:1    | 20266 ||| READING 6 scrolls of teleportation.
 20378 | Orc:1    | 20378 ||| EATING 36 rations.
 20508 | Orc:2    | 20508 ||| Stepping ~*~*~tactically~*~*~ (hiding).
 20509 | Orc:2    | 20509 ||| Stepping ~*~*~tactically~*~*~ (hiding).
 20510 | Orc:2    | 20510 ||| Waiting for ranged monster.
 20511 | Orc:2    | 20511 ||| Waiting for ranged monster.
 20512 | Orc:2    | 20512 ||| Waiting for ranged monster.
 20531 | Orc:2    | 20531 ||| Stepping ~*~*~tactically~*~*~ (stealth).
 20532 | Orc:2    | 20532 ||| Stepping ~*~*~tactically~*~*~ (stealth).
 20533 | Orc:2    | 20533 ||| Stepping ~*~*~tactically~*~*~ (stealth).
 20548 | Orc:2    | 20548 ||| Stepping ~*~*~tactically~*~*~ (hiding).
 20549 | Orc:2    | 20549 ||| Stepping ~*~*~tactically~*~*~ (hiding).
 20550 | Orc:2    | 20550 ||| Stepping ~*~*~tactically~*~*~ (hiding).
 20551 | Orc:2    | 20551 ||| Stepping ~*~*~tactically~*~*~ (hiding).
 20552 | Orc:2    | 20552 ||| Stepping ~*~*~tactically~*~*~ (hiding).
 20553 | Orc:2    | 20553 ||| Stepping ~*~*~tactically~*~*~ (hiding).
 20554 | Orc:2    | 20554 ||| Stepping ~*~*~tactically~*~*~ (hiding).
 20555 | Orc:2    | 20555 ||| Stepping ~*~*~tactically~*~*~ (hiding).
 20556 | Orc:2    | 20556 ||| Stepping ~*~*~tactically~*~*~ (hiding).
 20557 | Orc:2    | 20557 ||| Stepping ~*~*~tactically~*~*~ (hiding).
 20558 | Orc:2    | 20558 ||| Waiting for ranged monster.
 20559 | Orc:2    | 20559 ||| Waiting for ranged monster.
 20560 | Orc:2    | 20560 ||| Waiting for ranged monster.
 20566 | Orc:2    | 20566 ||| Waiting for ranged monster.
 20586 | Orc:2    | 20586 ||| Stepping ~*~*~tactically~*~*~ (hiding).
 20594 | Orc:2    | 20594 ||| Waiting for ranged monster.
 20595 | Orc:2    | 20595 ||| Waiting for ranged monster.
 20596 | Orc:2    | Found a roughly hewn altar of Beogh.
 20599 | Orc:2    | 20599 ||| Stepping ~*~*~tactically~*~*~ (stealth).
 20602 | Orc:2    | 20602 ||| Stepping ~*~*~tactically~*~*~ (stealth).
 20603 | Orc:2    | 20603 ||| Stepping ~*~*~tactically~*~*~ (stealth).
 20604 | Orc:2    | 20604 ||| Stepping ~*~*~tactically~*~*~ (stealth).
 20612 | Orc:2    | 20612 ||| Stepping ~*~*~tactically~*~*~ (stealth).
 20613 | Orc:2    | 20613 ||| Stepping ~*~*~tactically~*~*~ (stealth).
 20614 | Orc:2    | 20614 ||| Stepping ~*~*~tactically~*~*~ (stealth).
 20615 | Orc:2    | 20615 ||| Stepping ~*~*~tactically~*~*~ (stealth).
 20617 | Orc:2    | 20617 ||| Stepping ~*~*~tactically~*~*~ (hiding).
 20618 | Orc:2    | 20618 ||| Waiting for ranged monster.
 20619 | Orc:2    | 20619 ||| Waiting for ranged monster.
 20620 | Orc:2    | 20620 ||| Waiting for ranged monster.
 20621 | Orc:2    | 20621 ||| Waiting for ranged monster.
 20623 | Orc:2    | 20623 ||| INVOKING Berserk.
 20634 | Orc:2    | Received a gift from Trog
 20665 | Orc:2    | 20665 ||| SWAPPING to glowing war axe {god gift}.
 20666 | Orc:2    | 20666 ||| SWAPPING to +4 antimagic broad axe.
 20675 | Orc:2    | 20675 ||| DROPPING +4 antimagic war axe.
 20681 | Orc:2    | Found Ving's Antique Armour Shoppe.
 20687 | Orc:2    | Bought a shiny chain mail for 240 gold pieces
 20687 | Orc:2    | Bought a glowing chain mail for 240 gold pieces
 20687 | Orc:2    | 20687 ||| UPGRADING to shiny chain mail.
 20697 | Orc:2    | 20697 ||| UPGRADING to glowing chain mail.
 20707 | Orc:2    | 20707 ||| UPGRADING to +3 chain mail of magic resistance.
 20717 | Orc:2    | 20717 ||| DROPPING +0 chain mail of cold resistance.
 20739 | Orc:2    | Got a slimy war axe {god gift}
 20740 | Orc:2    | 20740 ||| SWAPPING to slimy war axe {god gift}.
 20740 | Orc:2    | Identified the +9 war axe "Banisher" {chop, Fragile Str+4
                  | Stlth+} (Trog gifted it to you on level 2 of the Orcish
                  | Mines)
 20741 | Orc:2    | 20741 ||| SWAPPING to +4 antimagic broad axe.
 20748 | Orc:2    | Found Reziubitu's Book Shoppe.
 20826 | Orc:2    | Found Qeugaarph's Antique Weapon Shoppe.
 20840 | Orc:2    | Found Yrezxaw's General Store.
 20848 | Orc:2    | Bought a scroll of remove curse for 33 gold pieces
 20958 | Orc:2    | Paralysed by an orc sorcerer for 3 turns
 20963 | Orc:2    | 20963 ||| INVOKING Berserk.
 21026 | Orc:2    | 21026 ||| EATING 35 rations.
 21114 | Orc:2    | Found Loecluem's Assorted Antiques.
 21123 | Orc:2    | Bought a scroll labeled JUMPUHU NYNAMN for 25 gold pieces
 21123 | Orc:2    | Bought a sharpened glass wand for 100 gold pieces
 21123 | Orc:2    | Bought a scroll of identify for 50 gold pieces
 21123 | Orc:2    | Bought a sparkling wooden ring for 125 gold pieces
 21123 | Orc:2    | Bought 2 potions of agility for 200 gold pieces
 21123 | Orc:2    | 21123 ||| UPGRADING to sparkling wooden ring.
 21124 | Orc:2    | Identified the ring of the Fiend {+Fly rPois Int-2 Slay+2}
                  | (You bought it in a shop on level 2 of the Orcish Mines)
 21125 | Orc:2    | 21125 ||| UPGRADING to +4 ring of strength.
 21127 | Orc:2    | 21127 ||| UPGRADING to ring of protection from cold.
 21162 | Orc:2    | 21162 ||| READING scroll labeled JUMPUHU NYNAMN.
 21163 | Orc:2    | 21163 ||| DROPPING wand of flame (15).
 21274 | D:12     | 21274 ||| FLEEEEING.
 21275 | D:12     | 21275 ||| FLEEEEING.
 21276 | D:12     | 21276 ||| STILL FLEEEEING.
 21277 | D:12     | 21277 ||| FLEEEEING.
 21278 | D:12     | 21278 ||| STILL FLEEEEING.
 21279 | D:12     | 21279 ||| FLEEEEING.
 21280 | D:12     | 21280 ||| FLEEEEING.
 21281 | D:12     | 21281 ||| STAIRDANCE
 21321 | D:12     | 21321 ||| STAIRDANCE
 21377 | D:12     | 21377 ||| Stepping ~*~*~tactically~*~*~ (stealth).
 21477 | D:12     | 21477 ||| Stepping ~*~*~tactically~*~*~ (hiding).
 21478 | D:12     | 21478 ||| Stepping ~*~*~tactically~*~*~ (hiding).
 21479 | D:12     | 21479 ||| Waiting for ranged monster.
 21480 | D:12     | 21480 ||| Stepping ~*~*~tactically~*~*~ (hiding).
 21481 | D:12     | 21481 ||| Waiting for ranged monster.
 21482 | D:12     | 21482 ||| Waiting for ranged monster.
 21489 | D:12     | 21489 ||| Stepping ~*~*~tactically~*~*~ (stealth).
 21490 | D:12     | 21490 ||| Stepping ~*~*~tactically~*~*~ (stealth).
 21554 | D:12     | 21554 ||| UPGRADING to gold dragon scales.
 21559 | D:12     | 21559 ||| Stepping ~*~*~tactically~*~*~ (hiding).
 21560 | D:12     | 21560 ||| Waiting for ranged monster.
 21561 | D:12     | 21561 ||| Waiting for ranged monster.
 21562 | D:12     | 21562 ||| Stepping ~*~*~tactically~*~*~ (hiding).
 21563 | D:12     | 21563 ||| Waiting for ranged monster.
 21639 | D:12     | 21639 ||| UPGRADING to +3 chain mail of magic resistance.
 21644 | D:12     | 21644 ||| UPGRADING to gold dragon scales.
 21654 | D:12     | 21654 ||| DROPPING +3 chain mail of magic resistance.
 21655 | D:12     | 21655 ||| DROPPING +0 plate armour.
 21656 | D:12     | 21656 ||| DROPPING +1 chain mail of fire resistance.
 21657 | D:12     | 21657 ||| UPGRADING to +4 ring of strength.
 21780 | D:12     | 21780 ||| Stepping ~*~*~tactically~*~*~ (stealth).
 21786 | D:12     | 21786 ||| Stepping ~*~*~tactically~*~*~ (stealth).
 21787 | D:12     | 21787 ||| Stepping ~*~*~tactically~*~*~ (stealth).
 21788 | D:12     | 21788 ||| Stepping ~*~*~tactically~*~*~ (stealth).
 21790 | D:12     | 21790 ||| Stepping ~*~*~tactically~*~*~ (stealth).
 21791 | D:12     | 21791 ||| Stepping ~*~*~tactically~*~*~ (stealth).
 21792 | D:12     | 21792 ||| Stepping ~*~*~tactically~*~*~ (stealth).
 21793 | D:12     | 21793 ||| Stepping ~*~*~tactically~*~*~ (stealth).
 21911 | D:12     | 21911 ||| Stepping ~*~*~tactically~*~*~ (stealth).
 21915 | D:12     | 21915 ||| Stepping ~*~*~tactically~*~*~ (stealth).
 22039 | D:12     | 22039 ||| FLEEEEING.
 22040 | D:12     | 22040 ||| FLEEEEING.
 22041 | D:12     | 22041 ||| STILL FLEEEEING.
 22042 | D:12     | 22042 ||| STILL FLEEEEING.
 22043 | D:12     | 22043 ||| STILL FLEEEEING.
 22044 | D:12     | 22044 ||| FLEEEEING.
 22045 | D:12     | 22045 ||| FLEEEEING.
 22046 | D:12     | 22046 ||| FLEEEEING.
 22047 | D:12     | 22047 ||| STAIRDANCE
 22075 | D:12     | 22075 ||| UPGRADING to embroidered scarf.
 22172 | D:12     | 22172 ||| FLEEEEING.
 22173 | D:12     | 22173 ||| FLEEEEING.
 22174 | D:12     | 22174 ||| FLEEEEING.
 22175 | D:12     | 22175 ||| FLEEEEING.
 22176 | D:12     | 22176 ||| FLEEEEING.
 22177 | D:12     | 22177 ||| FLEEEEING.
 22178 | D:12     | 22178 ||| FLEEEEING.
 22179 | D:12     | 22179 ||| FLEEEEING.
 22180 | D:12     | 22180 ||| FLEEEEING.
 22181 | D:12     | 22181 ||| FLEEEEING.
 22182 | D:12     | 22182 ||| FLEEEEING.
 22183 | D:12     | 22183 ||| FLEEEEING.
 22184 | D:12     | 22184 ||| FLEEEEING.
 22185 | D:12     | 22185 ||| FLEEEEING.
 22186 | D:12     | 22186 ||| FLEEEEING.
 22187 | D:12     | 22187 ||| FLEEEEING.
 22519 | D:13     | Found a portal to a secret trove of treasure.
 22539 | D:13     | 22539 ||| Stepping ~*~*~tactically~*~*~ (stealth).
 22540 | D:13     | 22540 ||| Stepping ~*~*~tactically~*~*~ (stealth).
 22548 | D:13     | Received a gift from Trog
 22715 | D:13     | Found a gate to the Vaults.
 22780 | D:13     | 22780 ||| Stepping ~*~*~tactically~*~*~ (hiding).
 22783 | D:13     | 22783 ||| Stepping ~*~*~tactically~*~*~ (stealth).
 22784 | D:13     | 22784 ||| INVOKING Brothers in Arms.
 22785 | D:13     | 22785 ||| SWAPPING to +11 morningstar "Xod Ilase" {flame,
                  | *Drain rN+ Dex+6}.
 22786 | D:13     | 22786 ||| INVOKING Berserk.
 22804 | D:13     | 22804 ||| SWAPPING to +4 antimagic broad axe.
 22852 | D:13     | Found a large runed translucent door.
 22853 | D:13     | Identified the +10 war axe of Contradiction {elec, MR+
                  | Stlth+}
 22855 | D:13     | Found a large runed translucent door.
 22856 | D:13     | Found a large runed translucent door.
 22857 | D:13     | Found a large runed translucent door.
 22880 | D:13     | 22880 ||| Stepping ~*~*~tactically~*~*~ (stealth).
 22881 | D:13     | 22881 ||| Stepping ~*~*~tactically~*~*~ (stealth).
 22882 | D:13     | 22882 ||| Stepping ~*~*~tactically~*~*~ (stealth).
 22883 | D:13     | 22883 ||| Stepping ~*~*~tactically~*~*~ (stealth).
 22915 | D:13     | 22915 ||| INVOKING Brothers in Arms.
 22916 | D:13     | 22916 ||| Stepping ~*~*~tactically~*~*~ (stealth).
 22917 | D:13     | 22917 ||| Stepping ~*~*~tactically~*~*~ (stealth).
 22918 | D:13     | 22918 ||| INVOKING Brothers in Arms.
 22921 | D:13     | 22921 ||| SWAPPING to +11 morningstar "Xod Ilase" {flame,
                  | *Drain rN+ Dex+6}.
 22922 | D:13     | 22922 ||| INVOKING Berserk.
 22929 | D:13     | 22929 ||| SWAPPING to +4 antimagic broad axe.
 23135 | D:13     | 23135 ||| Stepping ~*~*~tactically~*~*~ (hiding).
 23136 | D:13     | 23136 ||| Waiting for ranged monster.
 23150 | D:13     | 23150 ||| INVOKING Berserk.
 23285 | D:13     | 23285 ||| EATING 36 rations.
 23385 | D:13     | Found a large runed translucent door.
 23388 | D:13     | Found a large runed translucent door.
 23389 | D:13     | Found a large runed translucent door.
 23390 | D:13     | Found a large runed translucent door.
 23400 | D:13     | 23400 ||| Stepping ~*~*~tactically~*~*~ (stealth).
 23479 | D:13     | 23479 ||| SWAPPING to +11 morningstar "Xod Ilase" {flame,
                  | *Drain rN+ Dex+6}.
 23479 | D:13     | Noticed Sonja
 23481 | D:13     | 23481 ||| INVOKING Berserk.
 23496 | D:13     | 23496 ||| READING 6 scrolls of teleportation.
 23497 | D:13     | 23497 ||| SWAPPING to +4 antimagic broad axe.
 23687 | D:13     | 23687 ||| INVOKING Berserk.
 23714 | D:13     | 23714 ||| INVOKING Berserk.
 23715 | D:13     | HP: 16/147 [Sonja/+2 short sword of distortion (21)]
 23716 | D:13     | Killed from afar by Sonja

Levels and vault maps discovered:
D:1:      wander_arrival_chamber, layout_basic
D:2:      layout_loops_cross, uniq_terence
D:3:      layout_basic, first_ration
D:4:      layout_rooms, nicolae_overflow_hidden_temple,
          minmay_temple_entry_slanted, uniq_edmund
D:5:      layout_rooms, serial_shops, nicolae_shop_statue_plus, fedhas_altar_2
D:6:      layout_basic, minmay_ruffians
D:7:      layout_basic, enter_ossuary_5, minmay_misc_feat_tiny, grunt_livestock,
          uniq_menkaure
D:8:      layout_basic
D:9:      layout_roguey, david_lair_generic
D:10:     minmay_the_grid_octo_tiled_squarecenter
          [minmay_the_grid_octo_pinwheel, minmay_the_grid_octo_checkerflower,
          minmay_the_grid_octo_77, minmay_the_grid_octo_concentric,
          minmay_the_grid_square_5x5_megaprize_hollow,
          minmay_the_grid_square_5x5_spiral, minmay_the_grid_square_5x5_inner_v,
          minmay_the_grid_square_5x5_pentomino_r,
          minmay_the_grid_square_5x5_six_small], layout_long_grid, serial_shops,
          shop_scrolls
D:11:     layout_cave_pools, david_orc_4, uniq_nergalle
D:12:     layout_grid_maze
D:13:     minmay_five_octagons, layout_layer_cave,
          nicolae_trove_entry_crossroad, uniq_sonja
Lair:1:   layout_gridlike, chequers_serial_rivers_marsh
Lair:2:   minmay_guarded_unrand_snakebite, layout_regular_city,
          beast_lair_carwin_2
Lair:3:   layout_chaotic_city, swamp_mist, uniq_snorg, uniq_rupert
Lair:4:   layout_long_grid, nicolae_spider_entry_non_spiders, special_room
          [special_room_bee], serial_bayou_shore_a
Lair:5:   layout_big_grid
Lair:6:   minmay_lair_end_frog_pond, layout_regular_city, slime_dummy,
          minmay_hedge_maze, grunt_megastairs_4
Orc:1:    layout_caves, nicolae_orc_sculptors_studio
Orc:2:    grunt_orc_cross, layout_diamond_mine, serial_shops, shop

Skill      XL: |  1  2  3  4  5  6  7  8  9 10 11 12 13 14 15 |
---------------+----------------------------------------------+-----
Axes           | 3 4 5 6 8 9 10 11 13 14 15 16 | 16.0
Shields        | 4 5 7 8 9 10 11 12 13 | 13.0
Fighting       | 4 5 7 9 10 11 12 13 | 13.0
Armour         | 3 4 5 6 9 10 11 12 13 | 13.0
Dodging        | 2 3 4 |  4.1

Action                   |  1- 3 |  4- 6 |  7- 9 | 10-12 | 13-15 || total
-------------------------+-------+-------+-------+-------+-------++-------
Melee: Hand axe          |    97 |   112 |   102 |       |       ||   311
       War axe           |       |       |   302 |   158 |       ||   460
       Broad axe         |       |       |       |   484 |  1611 ||  2095
       Morningstar       |       |       |       |     1 |    36 ||    37
Invok: Berserk           |     2 |     2 |     8 |    17 |    20 ||    49
       Brothers in Arms  |       |       |       |     2 |     4 ||     6
 Abil: Fly               |       |       |       |       |     1 ||     1
  Use: Scroll            |     4 |     3 |    11 |     3 |    15 ||    36
       Potion            |     1 |       |     4 |       |     3 ||     8
  Eat: Chunk             |     2 |     4 |    13 |    31 |    33 ||    83
       Ration            |       |       |     3 |     3 |     8 ||    14
Armor: Chain mail        |    65 |    70 |    76 |       |     8 ||   219
       Animal skin       |     1 |       |       |       |       ||     1
       Scale mail        |       |       |   110 |    29 |       ||   139
       Plate armour      |       |       |       |   355 |   610 ||   965
       Gold dragon scale |       |       |       |       |   136 ||   136
Dodge: Dodged            |    43 |    41 |    66 |   152 |   210 ||   512
Block: Shield            |       |    23 |   171 |   315 |       ||   509
       Large shield      |       |       |       |    25 |  1458 ||  1483

Table legend:
 A = Non-vault XP
 B = Vault XP
 C = Vault XP percentage of total XP
 D = Non-vault monster count
 E = Vault monster count
 F = Vault count percentage of total count
                 A         B        C        D         E       F
            +---------+---------+-------+---------+---------+-------
      Total |   74834 |   41804 |  35.8 |     579 |     234 |  28.8
            +---------+---------+-------+---------+---------+-------
        D:1 |      49 |       0 |   0.0 |      23 |       0 |   0.0
        D:2 |      73 |      36 |  33.0 |      25 |       1 |   3.8
        D:3 |      37 |       0 |   0.0 |      13 |       0 |   0.0
        D:4 |     357 |     178 |  33.3 |      13 |       1 |   7.1
        D:5 |     751 |       0 |   0.0 |      31 |       0 |   0.0
        D:6 |    1115 |     798 |  41.7 |      22 |       4 |  15.4
        D:7 |     952 |    1167 |  55.1 |      26 |       6 |  18.8
        D:8 |    2306 |       0 |   0.0 |      32 |       0 |   0.0
        D:9 |    2173 |     987 |  31.2 |      45 |       4 |   8.2
       D:10 |    1785 |    2085 |  53.9 |      32 |      19 |  37.3
       D:11 |    5281 |    1637 |  23.7 |      54 |      17 |  23.9
       D:12 |    7998 |       0 |   0.0 |      33 |       0 |   0.0
       D:13 |    6279 |    5617 |  47.2 |      32 |      22 |  40.7
     Lair:1 |    4503 |       0 |   0.0 |      16 |       0 |   0.0
     Lair:2 |   10102 |    2462 |  19.6 |      40 |      15 |  27.3
     Lair:3 |    2329 |    3426 |  59.5 |      10 |       2 |  16.7
     Lair:4 |    5505 |    2292 |  29.4 |      21 |      28 |  57.1
     Lair:5 |    4817 |       0 |   0.0 |      17 |       0 |   0.0
     Lair:6 |   14443 |   11939 |  45.3 |      60 |      50 |  45.5
      Orc:1 |    1387 |       0 |   0.0 |      21 |       0 |   0.0
      Orc:2 |    2592 |    8707 |  77.1 |      13 |      39 |  75.0
    Ossuary |       0 |     473 | 100.0 |       0 |      26 | 100.0
            +---------+---------+-------+---------+---------+-------
